 Dungeon Crawl Stone Soup version 0.32-a0-520-g344ed53f66 (webtiles) character file.

Game seed: 13623190350031140180

3344851 bakla the Slime Creature (level 26, 218/218 HPs)
             Began as a Coglin Chaos Knight on Feb 27, 2024.
             Was a Priest of Jiyva.
             Escaped with the Orb
             ... and 4 runes
             ... and 3 gems!
             The game lasted 02:06:07 (45077 turns).

bakla the Slime Creature (Coglin Chaos Knight)     Turns: 45077, Time: 02:06:08

Health: 218/218    AC: 21    Str: 35    XL:     26   Next: 13%
Magic:  7/37       EV: 33    Int: 13    God:    Jiyva [***...]
Gold:   1503       SH:  0    Dex: 28    Spells: 37/45 levels left

rFire   + + .        e - +1 double sword "Pikaobb" {speed, Will+ Str+5 Int-2 Stlth+}
rCold   + . .        J - +9 double sword "Hope Sedo" {venom, Str+2}
rNeg    . . .        Q - +3 troll leather armour
rPois   .            V - +1 hat of Sif Muna's Esteem {*Slow Regen+ Str+4 Dex+2}
rElec   .            S - +2 cloak {Will+}
rCorr   +            v - +1 pair of gloves "Obap Mupp" {rF+ Str+4 Int+3}
SInv    +            P - +2 pair of boots
Will    +++..        U - amulet "Piwiosic" {RegenMP *Slow Fly Int+2 SInv}
Stlth   +            (ring unavailable)
HPRegen 3.28/turn    (ring unavailable)
MPRegen 1.21/turn

%: slow self (2%)
@: slimy, flying, studying Ice Magic
A: cold resistance 1, fire resistance 1, off-hand wielding, slow wielding,
warmup strikes, no rings, horns 1, iridescent scales 3, agile 1, deterioration
1, strong 2, jelly absorbing missiles, no potion heal 1, subdued magic 1,
inability to drink after injury 1, MP-powered wands, persistent drain
0: Orb of Zot
}: 4/15 runes: decaying, slimy, silver, gossamer
a: Renounce Religion, Oozemancy


You escaped.
You worshipped Jiyva.
Jiyva was most pleased with you.
You visited 10 branches of the dungeon, and saw 52 of its levels.
You visited 1 bazaar.
You visited 1 ziggurat, and saw 6 of its levels.
You also visited: Trove, Ossuary, Gauntlet, Ice Cave and Desolation.

You collected 7125 gold pieces.
You spent 5622 gold pieces at shops.

Inventory:

Hand Weapons
 e - the +1 double sword "Pikaobb" (weapon) {speed, Will+ Str+5 Int-2 Stlth+}
   (You acquired it on level 3 of the Elven Halls)

   Str+5:     It affects your strength (+5).
   Int-2:     It affects your intelligence (-2).
   Will+:     It increases your willpower.
   Stlth+:    It makes you more stealthy.
 z - a +8 vampiric demon blade {Eunkyung}
 J - the +9 double sword "Hope Sedo" (offhand) {venom, Str+2}
   (You found it on level 2 of a ziggurat)

   Str+2:     It affects your strength (+2).
Missiles
 q - a throwing net
 B - 16 curare-tipped darts
Armour
 v - the +1 pair of gloves "Obap Mupp" (worn) {rF+ Str+4 Int+3}
   (You bought it in a shop in a bazaar)

   Str+4:     It affects your strength (+4).
   Int+3:     It affects your intelligence (+3).
   rF+:       It protects you from fire.
 P - a +2 pair of boots (worn)
 Q - a +3 troll leather armour (worn)
 S - a +2 cloak of willpower (worn)
 V - the +1 hat of Sif Muna's Esteem (worn) {*Slow Regen+ Str+4 Dex+2}
   (You found it in a Gauntlet)

   Str+4:     It affects your strength (+4).
   Dex+2:     It affects your dexterity (+2).
   Regen+:    It increases your rate of health regeneration.
   *Slow:     It may slow you when you take damage.
Jewellery
 U - the amulet "Piwiosic" (around neck) {RegenMP *Slow Fly Int+2 SInv}
   (You found it in a treasure trove)

   [amulet of magic regeneration]

   RegenMP:   It increases your rate of magic regeneration.
   Int+2:     It affects your intelligence (+2).
   SInv:      It lets you see invisible.
   Fly:       It grants you flight.
   *Slow:     It may slow you when you take damage.
 X - an amulet of guardian spirit
Talismans
 h - a granite talisman
Wands
 b - a wand of quicksilver (5)
 x - a wand of flame (58)
 G - a wand of mindburst (42)
 I - a wand of roots (35)
 K - a wand of paralysis (32)
Scrolls
 d - 7 scrolls of noise
 j - a scroll of silence
 k - 4 scrolls of blinking
 l - 8 scrolls of fog
 n - 2 scrolls of brand weapon
 p - 4 scrolls of immolation
 s - 10 scrolls of fear
 t - 5 scrolls of teleportation
 u - 13 scrolls of vulnerability
 y - 7 scrolls of poison
 D - a scroll of revelation
 H - 7 scrolls of amnesia
 N - 9 scrolls of enchant armour
 O - 2 scrolls of enchant weapon
 T - 4 scrolls of torment
 W - 7 scrolls of butterflies
Potions
 a - a potion of lignification
 c - 6 potions of invisibility
 f - 7 potions of attraction
 g - 4 potions of enlightenment
 i - 3 potions of brilliance
 m - a potion of berserk rage
 o - 19 potions of curing
 r - 13 potions of might
 w - 3 potions of resistance
 A - 9 potions of ambrosia
 C - 3 potions of mutation
 F - a potion of haste
 R - 2 potions of cancellation
 Y - a potion of heal wounds
Miscellaneous
 E - a box of beasts
 L - a lightning rod (4/4)
 M - a phantom mirror
 Z - a condenser vane


   Skills:
 - Level 20.0 Fighting
 - Level 1.6(9.7) Short Blades
 - Level 15.9(16.0) Long Blades
 - Level 2.0 Armour
 - Level 20.0 Dodging
 - Level 10.0 Spellcasting
 - Level 7.0 Necromancy
 - Level 15.0 Translocations
 - Level 20.1 Invocations
 + Level 17.0 Evocations


You had 37 spell levels left.
You knew the following spells:

 Your Spells              Type           Power      Damage    Failure   Level
a - Manifold Assault      Tloc           35%        N/A       1%          4
b - Apportation           Tloc           70%        N/A       0%          1
c - Fugue of the Fallen   Necr           19%        N/A       1%          3

Your spell library contained the following spells:

 Spells                   Type           Power      Damage    Failure   Level
 Necrotise                Necr           76%        1d7       1%          1
 Sublimation of Blood     Necr           19%        N/A       1%          2
 Vampiric Draining        Necr           19%        2d7       1%          3
 Kiss of Death            Conj/Necr      48%        2d9       2%          1
 Dispersal                Tloc           17%        N/A       3%          6
 Dimensional Bullseye     Hex/Tloc       10%        N/A       4%          4
 Vhi's Electric Charge    Tloc/Air       40%        N/A       4%          4
 Dispel Undead            Necr           19%        3d11      5%          4
 Cigotuvi's Dreadful Rot  Necr/Alch/Air  18%        N/A       6%          2
 Foxfire                  Conj/Fire      20%        2x1d5     10%         1
 Freeze                   Ice            20%        1d4       10%         1
 Sting                    Conj/Alch      20%        1d4       10%         1
 Summon Small Mammal      Summ           20%        N/A       10%         1
 Summon Forest            Summ/Tloc      10%        N/A       13%         5
 Call Imp                 Summ           10%        N/A       16%         2
 Ensorcelled Hibernation  Hex/Ice        10%        N/A       16%         2
 Scorch                   Fire           10%        2d5       16%         2
 Curse of Agony           Necr           19%        N/A       16%         5
 Anguish                  Hex/Necr       6%         N/A       24%         4
 Martyr's Knell           Necr/Summ      12%        N/A       24%         4
 Call Canine Familiar     Summ           5%         N/A       32%         3
 Frozen Ramparts          Ice            10%        1d2       32%         3
 Hailstorm                Conj/Ice       5%         3d5       32%         3
 Ozocubu's Armour         Ice            5%         N/A       32%         3
 Sigil of Binding         Hex            5%         N/A       32%         3
 Stone Arrow              Conj/Erth      10%        3d7       32%         3
 Summon Ice Beast         Ice/Summ       5%         N/A       32%         3
 Animate Armour           Summ/Erth      10%        N/A       73%         4
 Brom's Barrelling Bould  Conj/Erth      5%         2d3       73%         4
 Flame Wave               Conj/Fire      5%         2d5       73%         4
 Ignite Poison            Fire/Alch      5%         N/A       73%         4
 Leda's Liquefaction      Alch/Erth      2%         N/A       73%         4
 Petrify                  Alch/Erth      5%         N/A       73%         4
 Sticky Flame             Fire/Alch      5%         2d4       73%         4
 Disjunction              Tloc           17%        N/A       83%         8
 Alistair's Intoxication  Alch           3%         N/A       97%         5
 Arcjolt                  Conj/Air       2%         1d12      97%         5
 Fireball                 Conj/Fire      2%         3d4       97%         5
 Freezing Cloud           Conj/Ice/Air   2%         6-21      97%         5
 Irradiate                Conj/Alch      2%         3d12      97%         5
 Iskenderun's Battlesphe  Conj           5%         2d6       97%         5
 Metabolic Englaciation   Hex/Ice        2%         N/A       97%         5
 Summon Mana Viper        Hex/Summ       5%         N/A       97%         5
 Bombard                  Conj/Erth      2%         9d1       100%        6
 Conjure Ball Lightning   Conj/Air       2%         3x3d6     100%        6
 Eringya's Noxious Bog    Alch           2%         4d6       100%        6
 Plasma Beam              Fire/Air       2%         2x1d12    100%        6
 Sculpt Simulacrum        Ice/Alch       2%         N/A       100%        6
 Starburst                Conj/Fire      2%         6d3       100%        6
 Summon Cactus Giant      Summ           2%         N/A       100%        6
 Monstrous Menagerie      Summ           2%         N/A       100%        7
 Orb of Destruction       Conj           2%         9d5       100%        7
 Ozocubu's Refrigeration  Ice            2%         4d8       100%        7
 Spellforged Servitor     Conj/Summ      2%         N/A       100%        7
 Summon Hydra             Summ           2%         N/A       100%        7
 Ignition                 Fire           2%         3d3       100%        8
 Lehudib's Crystal Spear  Conj/Erth      2%         10d2      100%        8
 Dragon's Call            Summ           2%         N/A       100%        9
 Polar Vortex             Ice            2%         N/A       100%        9


Dungeon Overview and Level Annotations

Branches:
Dungeon (15/15)            Temple (0/1) D:7            Lair (5/5) D:8
  Swamp (4/4) Lair:3       Spider (4/4) Lair:3        Slime (5/5) Lair:5
    Orc (2/2) D:9             Elf (3/3) Orc:2        Vaults (5/5) D:14
  Crypt (0/3) Vaults:2     Depths (4/4) D:15            Zot (5/5) Depths:4
Ossuary (visited)           IceCv (visited)         Desolation (visited)
Gauntlet (visited)

Altars:
Ashenzari
Dithmenos
Elyvilon
Fedhas
Gozag
Kikubaaqudgha
Makhleb
Nemelex Xobeh
Okawaru
Qazlal
Ru
Vehumet
Wu Jian
Xom
Yredelemnul
Beogh
Jiyva

Shops:
D:5 ?   D:12 :**   D:15 (   Orc:2 [=(?(   Elf:3 ?   Vaults:2 (!   Vaults:3 ?
Vaults:5 ??!?!   Depths:2 ?*   Depths:4 ===:

Portals:
Hell: Depths:1 Depths:2 Depths:3 Depths:4
Abyss: Swamp:1 Depths:3
Pandemonium: Depths:2 Depths:4

Annotations:
D:3 2 transporters, Malificent's ghost, amateur DsSh
D:10 2 transporters, cordlesssteve's ghost, journeyman MiBe
Lair:1 3 runed translucent doors, horus123's ghost, journeyman MDFi
Swamp:1 2 transporters, Okkeon's ghost, adept MfBe
Spider:1 1 runed translucent door, GiantSquids's ghost, adept CoBr
Slime:4 Dissolution
Slime:5 Royal Jelly
Elf:1 3 runed translucent doors, asd2613's ghost, journeyman MDFi
Vaults:2 3 runed translucent doors
Vaults:4 1 runed translucent door
Zot:2 exclusion: 2 upstairs
Zot:3 exclusion: 3 upstairs
Zot:4 exclusion: 2 upstairs


Innate Abilities, Weirdness & Mutations

Your flesh is cold resistant. (rC+)
Your flesh is heat resistant. (rF+)
You can wield a second weapon in your off-hand.
It takes a long time for you to wield or remove held weapons.
Your first few attacks do less damage.
Your grasper-arms cannot wear rings.
You have a pair of small horns on your head.
You are completely covered in iridescent scales. (AC +6)
You are agile. (Dex +4, Str/Int -1)
Your body sometimes deteriorates upon taking damage.
Your muscles are very strong. (Str +8, Int/Dex -2)
You have a small jelly attached to you that may absorb projectiles.
Potions are less effective at restoring your health.
Your spells are a little easier to cast, but a little less powerful.
You occasionally lose the ability to drink potions when taking damage.
You expend magic power (3 MP) to strengthen your wands.
Your health recovers twice as slowly from being drained.


Message History

Magic restored.
You see here a bat skeleton.
An Orb Guardian comes into view.
Space momentarily warps into an impossible shape!
You slash the Orb Guardian with the +1 double sword "Pikaobb"!
You hit the Orb Guardian with the +9 double sword "Hope Sedo".
Space momentarily warps into an impossible shape!
You barely miss the Orb Guardian with the +1 double sword "Pikaobb".
You slice the Orb Guardian with the +9 double sword "Hope Sedo"!!
The Orb Guardian looks as sick as possible!
Space momentarily warps into an impossible shape!
You barely miss the Orb Guardian with the +1 double sword "Pikaobb".
You hit the Orb Guardian with the +9 double sword "Hope Sedo".
Space momentarily warps into an impossible shape!
You closely miss the Orb Guardian with the +1 double sword "Pikaobb".
You closely miss the Orb Guardian with the +9 double sword "Hope Sedo".
Space momentarily warps into an impossible shape!
You slice the Orb Guardian with the +1 double sword "Pikaobb"!!
You slice the Orb Guardian with the +9 double sword "Hope Sedo"!!
You kill the Orb Guardian!
Your Evocations skill increases to level 17!
You can't see any susceptible monsters within range! (Use Z to cast anyway.)
What level of the Dungeon? (default 1, ? - help)
There is a staircase leading out of the dungeon here.
Activating: Oozemancy (0% risk of failure)
Press: ? - help, Dir - look around, f - activate A staircase leading out of the dungeon.
This square is covered in magical glow.
There are no walls around you to affect.
A thick mucus forms on the +1 double sword "Pikaobb" {speed, Will+ Str+5 Int-2 Stlth+}.
A thick mucus forms on the +1 double sword "Pikaobb" {speed, Will+ Str+5 Int-2 Stlth+}.
A thick mucus forms on the +1 double sword "Pikaobb" {speed, Will+ Str+5 Int-2 Stlth+}.
A thick mucus forms on the +1 double sword "Pikaobb" {speed, Will+ Str+5 Int-2 Stlth+}.
A thick mucus forms on the +1 double sword "Pikaobb" {speed, Will+ Str+5 Int-2 Stlth+}.
A thick mucus forms on the +1 double sword "Pikaobb" {speed, Will+ Str+5 Int-2 Stlth+}.
You will no longer expel jellies when injured.
A thick mucus forms on the +1 double sword "Pikaobb" {speed, Will+ Str+5 Int-2 Stlth+}.
A thick mucus forms on the +1 double sword "Pikaobb" {speed, Will+ Str+5 Int-2 Stlth+}.
You can no longer turn your foes to slime.
You have escaped!

........##.#.###.## ###÷#....#
###..........##...## #......###
#.####....'#...÷.## #........#
#...##.####.......####......#.#
###.##.###.........'##......#.#
#.##.##...........##......#..
#.##.#.............#......###
#####.##.#.............#......#..
.......#.#......@......#......#..
########.#.............#......#..
.........#.............#......#..
########.##...........+#......#..
#.###.........###...)..#..
#...##.......## #...†..#..
###..##.....## #......#..
##..#'#^### #......### ##...#)#
#......###


There were no monsters in sight!

Vanquished Creatures
  A dread lich (Depths:3)
  9 orbs of fire
  An ancient lich (Vaults:5)
  A pandemonium lord (Zig:1)
  2 juggernauts
  Sojobo (Vaults:5)
  2 Killer Klowns (Zot:5)
  5 caustic shrikes (Depths:4)
  Margery (Vaults:5)
  2 curse toes
  5 golden dragons
  2 bone dragons (Depths:4)
  2 iron giants (Zig:6)
  A hellephant (Vaults:5)
  Arachne (Spider:4)
  Jorgrun (D:12)
  8 tentacled monstrosities
  An Ice Fiend (Depths:1)
  An electric golem (Zot:5)
  A Hell Sentinel (D:9)
  28 Orb Guardians
  2 liches
  4 quicksilver dragons
  5 titans
  5 deep elf blademasters
  2 deep elf master archers (Elf:3)
  7 sphinxes
  4 death cobs
  8 shadow dragons
  A thorn hunter (Swamp:3)
  Donald (Vaults:3)
  4 tengu reavers (Vaults:5)
  8 storm dragons
  A fenstrider witch (Swamp:1)
  3 draconian knights
  Aizul (Swamp:4)
  2 protean progenitors (Zot:4)
  10 frost giants
  A revenant (Zig:5)
  2 draconian shifters (Zot:2)
  17 vault wardens
  4 deep elf elementalists
  10 deep elf sorcerers
  5 fire giants
  A draconian monk (Zot:1)
  3 ghost moths
  A draconian scorcher (Depths:4)
  4 emperor scorpions (Spider:4)
  2 imperial myrmidons (Desolation)
  A balrug (Depths:3)
  An iron dragon (Vaults:5)
  12 ironbound preservers
  5 ironbound thunderhulks
  A cacodemon (Depths:4)
  3 draconian annihilators
  A reaper (D:14)
  18 very ugly things
  2 draconian stormcallers
  5 eleionomae
  15 stone giants
  3 broodmothers
  6 deep elf death magi (Elf:3)
  10 deep elf annihilators
  3 black draconians
  6 purple draconians
  3 vampire knights
  4 white draconians
  8 deep elf demonologists
  2 demonspawn black suns (Zig:5)
  4 red draconians
  2 war gargoyles (Vaults:4)
  4 bunyips
  12 spark wasps
  13 dire elephants
  4 green draconians
  3 halazid warlocks (Desolation)
  A minotaur (Gauntlet)
  Snorg (Orc:1)
  A merfolk javelineer (Depths:2)
  2 shambling mangroves
  3 jiangshi (Depths:4)
  3 yellow draconians (Zot:5)
  14 ettins
  Josephine (D:13)
  8 fire dragons
  37 vault guards
  6 deep elf high priests
  13 yaktaur captains
  9 ragged hierophants (Desolation)
  9 peacekeepers
  2 entropy weavers
  Erolcha (Orc:2)
  9 ice dragons
  8 servants of whispers (Desolation)
  25 hydras
  5 rakshasas
  An anaconda (Zig:3)
  A jorogumo (Spider:4)
  2 radroaches (Zot:4)
  5 ironbound frosthearts
  4 ogre magi
  A spriggan air mage (Depths:4)
  11 alligators
  2 catoblepae (Lair:5)
  2 ghost crabs
  6 two-headed ogres
  9 centaur warriors
  25 dancing weapons
  4 boulder beetles
  5 death scarabs (Spider:4)
  6 death yaks
  7 spriggan berserkers
  5 deep troll earth magi
  3 deep troll shamans
  7 demonic crawlers
  17 tengu warriors
  2 vampire magi
  A hell hog (Gauntlet)
  9 hell knights (Vaults:5)
  A shock serpent (Zig:3)
  An orc high priest (Orc:2)
  3 soul eaters
  An occultist (Depths:1)
  13 deep elf knights
  Nergalle (Orc:2)
  10 pharaoh ants
  2 skysharks
  5 skeletal warriors
  2 iron trolls
  A shadow wraith (Vaults:5)
  A death drake (Swamp:4)
  5 goliath frogs
  5 spriggan druids
  A sea snake (shapeshifter) (Vaults:5)
  A large abomination (D:15)
  A sixfirhy (Depths:4)
  5 orange crystal statues
  20 swamp dragons
  4 obsidian statues
  25 deep trolls
  8 orb spiders
  2 thermic dynamos (Elf:3)
  14 ironbound convokers
  5 bog bodies (Swamp:1)
  A shadow demon (D:11)
  A spectral wolf spider (Spider:4)
  9 arcanists
  3 flayed ghosts
  Pikel (D:7)
  3 phantasmal warriors
  A wolf spider zombie (Spider:4)
  2 orc knights
  5 necromancers
  9 steelbarb worms
  48 ugly things
  8 lindwurms
  22 deep elf zephyrmancers
  6 deep elf archers
  4 manticores
  An elf skeleton (Vaults:4)
  16 wolf spiders
  10 orc sorcerers
  2 cyclopes
  29 deep elf pyromancers
  17 moths of wrath
  2 will-o-the-wisps (Swamp:1)
  13 elephants
  A stone giant skeleton (Vaults:4)
  2 rust devils
  A black mamba (shapeshifter) (Elf:1)
  4 black mambas
  3 centaur skeletons (D:14)
  4 torpor snails
  3 meliai (Spider:4)
  2 orange demons
  2 guardian serpents (Desolation)
  An ice statue (Zig:4)
  10 vault sentinels
  9 cane toads
  3 smoke demons
  3 gargoyles
  8 komodo dragons
  3 kobold demonologists
  A hellion (Zot:1)
  4 rime drakes
  An anaconda simulacrum (IceCv)
  A yaktaur zombie (Vaults:4)
  2 redback zombies (Spider:4)
  An efreet (D:13)
  4 freezing wraiths
  21 yaktaurs
  A tormentor (Zot:2)
  2 tengu conjurers
  An ice devil (Zot:5)
  2 golden dragon simulacra (IceCv)
  2 red devils
  3 bloated husks (Swamp:4)
  3 hellwings
  8 trolls
  A troll (shapeshifter) (D:13)
  A polar bear (Lair:5)
  19 tarantellas
  8 hornets
  50 saltlings (Desolation)
  2 spectral jumping spiders (Spider:4)
  9 tyrant leeches
  2 tarantella zombies (Spider:4)
  A culicivora zombie (Spider:4)
  17 blink frogs
  3 dream sheep (Lair:5)
  6 slime creatures
  29 jumping spiders
  3 spriggans
  A jumping spider (shapeshifter) (Depths:1)
  3 jumping spider zombies (Spider:4)
  28 yaks
  An ettin skeleton (Vaults:4)
  7 water elementals
  2 air elementals (Elf:1)
  4 wyverns
  13 culicivoras
  A ynoxinul (Gauntlet)
  2 fire bats (Gauntlet)
  5 wraiths
  4 fire elementals
  7 basilisks
  42 redbacks
  A steam dragon (D:6)
  Menkaure (Ossuary)
  14 vampire mosquitoes
  2 harpy simulacra (IceCv)
  3 nagas
  An acid dragon (D:12)
  14 swamp worms
  3 hell hounds (Gauntlet)
  13 water moccasins
  12 orc warriors
  14 swamp drakes
  An ettin simulacrum (IceCv)
  2 laughing skulls (D:15)
  17 ogres
  A black bear (Lair:1)
  A boggart (D:14)
  16 wolves
  14 centaurs
  2 lemures (D:7)
  A phantom (D:5)
  9 kobold brigands
  A gnoll sergeant (D:6)
  Blork the orc (D:6)
  10 bullfrogs
  2 earth elementals
  2 scorpions (D:5)
  3 wights (D:9)
  14 killer bees
  2 lindwurm simulacra (IceCv)
  5 howler monkeys
  14 electric eels
  10 orc priests
  2 bombardier beetles
  3 jellies
  7 gnoll boudas
  9 hounds
  2 iron imps (Gauntlet)
  Terence (D:2)
  4 iguanas
  35 orc wizards
  Robin (D:2)
  3 mummies (Ossuary)
  12 adders
  32 gnolls
  A shadow imp (D:6)
  A howler monkey simulacrum (D:9)
  4 ufetubi
  3 dart slugs
  73 orcs
  6 ball pythons
  7 endoplasms
  6 giant cockroaches
  8 gnoll zombies (Ossuary)
  24 goblins
  5 hobgoblins
  18 jackals
  4 quokkas
  8 bats
  6 frilled lizards
  6 gnoll skeletons (Ossuary)
  3 goblin skeletons (Ossuary)
  5 goblin zombies (Ossuary)
  2 hobgoblin skeletons (Ossuary)
  6 hobgoblin zombies (Ossuary)
  21 kobolds
  3 kobold skeletons (Ossuary)
  2 kobold zombies (Ossuary)
  5 orc skeletons (Ossuary)
  2 orc zombies (Ossuary)
  4 rats
  6 rat skeletons (Ossuary)
  2 rat zombies (Ossuary)
1933 creatures vanquished.

Vanquished Creatures (collateral kills)
  Roxanne (Spider:3)
  An ironbound thunderhulk (Vaults:3)
  A deep elf annihilator (Elf:3)
  Erica (D:10)
  2 two-headed ogres
  A death yak (Lair:1)
  A deep troll (Vaults:3)
  2 saltlings (Desolation)
  10 yaks
  A wyvern (D:10)
  An orc warrior (D:10)
  A lemure (D:7)
  A phantom (D:6)
  A bullfrog (D:8)
  A scorpion (D:7)
  2 gnoll sergeants
  4 howler monkeys (D:6)
  3 orc priests
  8 hounds
  An orc wizard (D:10)
  5 gnolls
  A ribbon worm (D:4)
  3 orcs
  A kobold (D:4)
54 creatures vanquished.

Vanquished Creatures (others)
  A vault warden (Vaults:3)
  A formless jellyfish (Vaults:3)
  2 ironbound preservers
  A deep elf demonologist (Elf:3)
  A yaktaur captain (Vaults:3)
  2 great orbs of eyes
  A hydra (Swamp:3)
  A fire dragon (Depths:1)
  A dancing weapon (Elf:2)
  An ogre mage (Vaults:5)
  An ironbound frostheart (Vaults:3)
  A death yak (Lair:1)
  A shock serpent (shapeshifter) (Vaults:2)
  A thrashing horror (Swamp:1)
  A deep elf knight (Elf:2)
  3 glowing orange brains
  2 sea snakes (shapeshifter) (Vaults:5)
  A deep troll (shapeshifter) (Vaults:5)
  A lindwurm (Swamp:3)
  2 ironbound convokers
  A wolf spider (Spider:1)
  2 ugly things (Vaults:3)
  A faun (shapeshifter) (Vaults:5)
  A water nymph (shapeshifter) (Vaults:5)
  A moth of wrath (shapeshifter) (Depths:1)
  2 vault sentinels
  2 glass eyes (Depths:1)
  3 yaktaurs
  2 bloated husks
  A tyrant leech (shapeshifter) (Depths:3)
  A saltling (Desolation)
  15 slime creatures
  A slime creature (shapeshifter) (Vaults:5)
  A redback (Spider:4)
  A swamp drake (Swamp:2)
  A kobold brigand (D:14)
  190 jellies
  A boggart skeleton (D:14)
  A howler monkey zombie (D:8)
  An orc zombie (D:10)
  8 orcs
  6 foxfires (Swamp:1)
269 creatures vanquished.

Grand Total: 2256 creatures vanquished

Notes
Turn   | Place    | Note
-------+----------+-------------------------------------------
     0 | D:1      | bakla the Coglin Chaos Knight began the quest for the Orb.
     0 | D:1      | Reached XP level 1. HP: 18/18 MP: 1/1
    63 | D:1      | Reached skill level 1 in Dodging
   105 | D:1      | Reached XP level 2. HP: 24/24 MP: 2/2
   355 | D:1      | XOM: 10-stop teleportation journey
   427 | D:1      | XOM: silly message
   447 | D:1      | Reached XP level 3. HP: 20/29 MP: 3/3
   534 | D:1      | XOM: silly message
   750 | D:1      | XOM: divination: detect creatures
   781 | D:2      | Noticed Robin
   789 | D:2      | XOM: silly message
   833 | D:2      | Found a stormy altar of Qazlal.
   863 | D:2      | XOM: silly message
   934 | D:2      | Reached XP level 4. HP: 32/35 MP: 4/4
   965 | D:2      | Noticed Terence
   979 | D:2      | XOM: smoke on damage
  1003 | D:1      | XOM: cast spell 'Olgreb's Toxic Radiance'
  1017 | D:1      | XOM: cloud trail
  1058 | D:1      | XOM: divination: detect creatures
  1236 | D:2      | Reached XP level 5. HP: 30/42 MP: 5/5
  1270 | D:2      | Killed Terence
  1365 | D:2      | XOM: silly message
  1409 | D:3      | Found a transporter.
  1410 | D:3      | Found a transporter.
  1410 | D:3      | Noticed Malificent's ghost (amateur DsSh)
  1504 | D:3      | Found a white marble altar of Elyvilon.
  1525 | D:3      | XOM: silly message
  1610 | D:3      | Found a sacrificial altar of Ru.
  1659 | D:2      | Killed Robin
  1855 | D:3      | Found a stormy altar of Qazlal.
  2034 | D:3      | XOM: divination: detect items
  2045 | D:4      | Reached XP level 6. HP: 48/48 MP: 6/6
  2049 | D:4      | Reached skill level 5 in Long Blades
  2088 | D:4      | Found an iron altar of Okawaru.
  2176 | D:4      | Found a sand-covered staircase.
  2183 | Ossuary  | Entered an ossuary
  2272 | Ossuary  | XOM: god gift: 6 stones
  2449 | Ossuary  | XOM: smoke on damage
  2560 | Ossuary  | Noticed Menkaure
  2570 | Ossuary  | Killed Menkaure
  2571 | Ossuary  | Reached XP level 7. HP: 32/55 MP: 7/7
  2972 | D:5      | Entered Level 5 of the Dungeon
  3013 | D:5      | XOM: silly message
  3056 | D:5      | XOM: polymorph ogre -> adder
  3081 | D:5      | XOM: give mutations
  3081 | D:5      | Gained mutation: You are strong-willed. (Will+) [Xom's
                  | grace]
  3081 | D:5      | Gained mutation: Your natural rate of healing is unusually
                  | fast. [Xom's grace]
  3081 | D:5      | Gained mutation: Your flesh is cold resistant. (rC+) [Xom's
                  | grace]
  3173 | D:5      | Reached skill level 5 in Fighting
  3176 | D:5      | XOM: cast spell 'Summon Ice Beast'
  3215 | D:5      | Reached XP level 8. HP: 62/62 MP: 8/8
  3222 | D:5      | Found Rimouguj's Magic Scroll Boutique.
  3389 | D:5      | Bought a scroll of blinking for 90 gold pieces
  3389 | D:5      | Bought a scroll of teleportation for 36 gold pieces
  3893 | D:6      | Reached skill level 5 in Dodging
  3903 | D:6      | Reached XP level 9. HP: 69/69 MP: 9/9
  3907 | D:6      | XOM: summons 9 friendly demons
  3989 | D:6      | Noticed a two-headed ogre
  3989 | D:6      | XOM: 2-stop teleportation journey
  4222 | D:6      | Identified the +0 plate armour of the Unbroken {rPois
                  | Int+5}
  4271 | D:6      | XOM: 1-stop teleportation journey
  4333 | D:6      | Noticed Blork the orc
  4343 | D:6      | Killed Blork the orc
  4430 | D:6      | XOM: god gift: scroll of immolation
  4494 | D:6      | Reached skill level 10 in Long Blades
  4500 | D:6      | XOM: cleaving
  4537 | D:6      | Reached XP level 10. HP: 77/79 MP: 10/10
  4578 | D:6      | XOM: cleaving
  4581 | D:6      | XOM: polymorph orc -> hobgoblin
  4672 | D:6      | XOM: summons 4 friendly demons
  4675 | D:6      | XOM: fog
  4676 | D:6      | Killed a two-headed ogre
  4791 | D:6      | Found a radiant altar of Vehumet.
  5061 | D:7      | Found a broken altar of Ashenzari.
  5118 | D:7      | XOM: divination: detect creatures
  5177 | D:7      | XOM: noise
  5306 | D:7      | Paralysed by a hornet for 2 turns
  5418 | D:7      | Identified the staff of the Delightful God {Fly rElec rN++
                  | Int-3 Dex+4 Air} (Xom gifted it to you on level 7 of the
                  | Dungeon)
  5418 | D:7      | XOM: god gift: staff of the Delightful God {Fly rElec rN++
                  | Int-3 Dex+4 Air}
  5421 | D:7      | Found a staircase to the Ecumenical Temple.
  5507 | D:7      | XOM: give mutations
  5507 | D:7      | Gained mutation: Your spells are a little harder to cast,
                  | but a little more powerful. [Xom's grace]
  5507 | D:7      | Gained mutation: You have supernaturally acute eyesight.
                  | (SInv) [Xom's grace]
  5507 | D:7      | Gained mutation: Your muscles are strong. (Str +4, Int/Dex
                  | -1) [Xom's grace]
  5507 | D:7      | Gained mutation: You are covered in fur. (AC +1) [Xom's
                  | grace]
  5526 | D:7      | XOM: give mutation
  5526 | D:7      | Gained mutation: Your system is resistant to poisons.
                  | (rPois) [Xom's grace]
  5624 | D:7      | XOM: divination: detect items
  5626 | D:7      | Noticed Pikel
  5643 | D:7      | Killed Pikel
  5661 | D:7      | XOM: torment (18/81 hp)
  5930 | D:8      | Noticed a two-headed ogre
  5946 | D:8      | XOM: 2-stop teleportation journey
  5947 | D:8      | XOM: summons 10 friendly demons
  5969 | D:8      | XOM: chaos upgrade
  5981 | D:8      | Killed a two-headed ogre
  6085 | D:8      | Reached XP level 11. HP: 76/87 MP: 11/11
  6110 | D:8      | Found a staircase to the Lair.
  6248 | D:8      | XOM: 3-stop teleportation journey
  6404 | D:8      | XOM: confusion
  6649 | D:8      | XOM: noise
  6687 | D:8      | XOM: summons 3 hostile demons
  6735 | D:9      | Reached skill level 1 in Evocations
  6977 | D:9      | Found a staircase to the Orcish Mines.
  7096 | D:9      | XOM: 2-stop teleportation journey
  7222 | D:9      | XOM: god gift: 3 stones
  7226 | D:9      | Noticed a sun demon
  7226 | D:9      | Noticed a centaur warrior
  7240 | D:9      | Noticed a deep elf pyromancer
  7240 | D:9      | Noticed a cyan ugly thing
  7243 | D:9      | XOM: give mutation
  7243 | D:9      | Lost mutation: Your natural rate of healing is unusually
                  | fast. [Xom's mischief]
  7256 | D:9      | Killed a cyan ugly thing
  7279 | D:9      | Killed a deep elf pyromancer
  7327 | D:9      | XOM: summons 2 friendly demons
  7343 | D:9      | a centaur warrior changed into a manticore
  7343 | D:9      | Noticed a manticore
  7345 | D:9      | Killed a manticore
  7436 | D:9      | Noticed an arcanist
  7442 | D:9      | XOM: divination: magic mapping
  7446 | D:9      | Killed an arcanist
  7477 | D:9      | Noticed a centaur warrior
  7478 | D:9      | Noticed a five-headed hydra
  7494 | D:9      | XOM: confuse monster(s)
  7494 | D:9      | Killed a centaur warrior
  7598 | D:9      | XOM: give mutations
  7598 | D:9      | Gained mutation: You have a pair of small horns on your
                  | head. [Xom's grace]
  7598 | D:9      | Gained mutation: Your natural rate of healing is unusually
                  | fast. [Xom's grace]
  7598 | D:9      | Gained mutation: You have a pair of horns on your head.
                  | [Xom's grace]
  7640 | D:9      | Killed a five-headed hydra
  7642 | D:9      | XOM: give mutations
  7642 | D:9      | Lost mutation: You are covered in fur. (AC +1) [Xom's
                  | mischief]
  7642 | D:9      | Gained mutation: You are agile. (Dex +4, Str/Int -1) [Xom's
                  | mischief]
  7642 | D:9      | Lost mutation: You have supernaturally acute eyesight.
                  | (SInv) [Xom's mischief]
  7715 | D:9      | XOM: cleaving
  7783 | D:9      | XOM: scenery: summon butterflies
  7833 | D:10     | Entered Level 10 of the Dungeon
  7833 | D:10     | Found a basalt altar of Yredelemnul.
  7838 | D:10     | Found a shadowy altar of Dithmenos.
  7875 | D:10     | Found a transporter.
  7875 | D:10     | Identified the +7 dire flail of Reul {freeze, rF++ rN+
                  | Int-3}
  7875 | D:10     | Noticed a two-headed ogre
  7876 | D:10     | Found a transporter.
  7876 | D:10     | Noticed Erica
  7877 | D:10     | Noticed cordlesssteve's ghost (journeyman MiBe)
  7883 | D:10     | Noticed a two-headed ogre
  7884 | D:10     | Noticed a two-headed ogre
  7886 | D:10     | XOM: butterfly on damage
  8012 | D:10     | XOM: divination: detect creatures
  8045 | D:10     | XOM: summons 2 friendly demons
  8055 | D:10     | Reached skill level 5 in Evocations
  8079 | D:10     | Reached XP level 12. HP: 78/97 MP: 8/12
  8144 | D:10     | Noticed a two-headed ogre
  8164 | D:10     | Killed Erica
  8165 | D:10     | Reached skill level 10 in Fighting
  8230 | D:10     | Found a sparkling altar of Nemelex Xobeh.
  8339 | D:10     | Found an opulent altar of Gozag.
  8533 | D:10     | XOM: scenery: summon butterflies
  8546 | D:10     | XOM: give mutations
  8546 | D:10     | Gained mutation: Your spells are harder to cast, but more
                  | powerful. [Xom's grace]
  8546 | D:10     | Gained mutation: You possess an exceptional clarity of
                  | mind. [Xom's grace]
  8575 | D:10     | Noticed a two-headed ogre
  8578 | D:10     | Killed a two-headed ogre
  8603 | D:11     | XOM: fake destruction
  8651 | D:11     | XOM: smoke on damage
  8739 | D:11     | Noticed a two-headed ogre
  8745 | D:11     | Killed a two-headed ogre
  8827 | D:11     | Found a portal to a secret trove of treasure.
  8849 | D:11     | XOM: divine lightning
  8879 | D:11     | XOM: give mutation
  8879 | D:11     | Gained mutation: You heal very quickly. [Xom's grace]
  8884 | D:11     | XOM: scenery: create altars
  8931 | D:11     | Learned a level 4 spell: Manifold Assault
  8990 | D:11     | XOM: polymorph troll -> bullfrog
  9204 | D:11     | Found an ornate altar of the Wu Jian Council.
  9392 | D:12     | Noticed a two-headed ogre
  9413 | D:12     | XOM: potion effect (attraction)
  9416 | D:12     | XOM: god gift: long sword {god gift}
  9423 | D:12     | Killed a two-headed ogre
  9424 | D:12     | Reached skill level 1 in Spellcasting
  9424 | D:12     | Reached skill level 1 in Translocations
  9486 | D:12     | XOM: scenery: summon butterflies
  9516 | D:11     | XOM: confuse monster(s)
  9577 | D:12     | XOM: confuse monster(s)
  9579 | D:12     | Found Remunume's Specific Store.
  9582 | D:12     | Found Bialaukk's General Store.
  9615 | D:12     | Bought a scroll of revelation for 90 gold pieces
  9615 | D:12     | Bought 2 potions of resistance for 240 gold pieces
  9646 | D:12     | Noticed Sonja
  9648 | D:12     | Sonja changed into Sonja the adder
  9648 | D:12     | Noticed Sonja
  9652 | D:12     | Killed Sonja the adder
  9672 | D:12     | XOM: summons friendly crimson imp
  9744 | Lair:1   | Entered Level 1 of the Lair of Beasts
  9802 | Lair:1   | Noticed a death yak
  9802 | Lair:1   | Noticed a death yak
  9802 | Lair:1   | Noticed a death yak
  9802 | Lair:1   | Noticed a death yak
  9806 | Lair:1   | XOM: summons friendly hellwing
  9808 | Lair:1   | Noticed a death yak
  9811 | Lair:1   | Killed a death yak
  9817 | Lair:1   | XOM: summons friendly iron imp
  9825 | Lair:1   | Killed a death yak
  9830 | Lair:1   | Killed a death yak
  9831 | Lair:1   | Mutation became permanent: Your flesh is cold resistant.
                  | (rC+) [Coglin growth]
  9831 | Lair:1   | Gained mutation: Your flesh is cold resistant. (rC+)
                  | [Coglin growth]
  9831 | Lair:1   | Gained mutation: Your flesh is heat resistant. (rF+)
                  | [Coglin growth]
  9831 | Lair:1   | Reached XP level 13. HP: 100/106 MP: 13/17
  9834 | Lair:1   | XOM: cleaving
  9837 | Lair:1   | XOM: divine lightning
  9838 | Lair:1   | Reached skill level 10 in Dodging
  9862 | Lair:1   | XOM: 2-stop teleportation journey
  9970 | Lair:1   | Identified the +4 ring mail of Tidipop {Int+6}
 10188 | Lair:1   | XOM: god gift: staff of death
 10209 | Lair:1   | XOM: summons friendly shadow imp
 10211 | Lair:1   | XOM: 1-stop teleportation journey
 10276 | Lair:1   | XOM: enchant monster (good)
 10375 | Lair:1   | Found a runed translucent gate.
 10375 | Lair:1   | Found a runed translucent gate.
 10378 | Lair:1   | Found a runed translucent gate.
 10380 | Lair:1   | Noticed horus123's ghost (journeyman MDFi)
 10438 | Lair:1   | XOM: scenery: create altars
 10451 | Lair:1   | XOM: god gift: 5 stones
 10561 | Lair:1   | XOM: scenery: create altars
 10744 | Lair:2   | XOM: give mutations
 10744 | Lair:2   | Gained mutation: You are partially covered in iridescent
                  | scales. (AC +2) [Xom's grace]
 10744 | Lair:2   | Gained mutation: Your mind is acute. (Int +4, Str/Dex -1)
                  | [Xom's grace]
 10828 | Lair:2   | XOM: summons 2 friendly demons
 11309 | Lair:2   | Identified the +6 quarterstaff of Zafug {heavy, rC+}
 11524 | Lair:3   | XOM: polymorph elephant -> naga
 11529 | Lair:3   | Reached skill level 5 in Translocations
 11531 | Lair:3   | XOM: scenery: summon butterflies
 11636 | Lair:3   | Found a staircase to the Swamp.
 11756 | Lair:3   | Found a hole to the Spider Nest.
 12139 | Lair:3   | XOM: potion effect (berserk rage)
 12337 | Lair:3   | XOM: summons 7 hostile demons
 12527 | Lair:4   | Reached skill level 5 in Spellcasting
 12732 | Lair:4   | XOM: summons 7 hostile demons
 12894 | Lair:4   | XOM: silly message
 12913 | Lair:4   | XOM: chaos cloud
 12972 | Lair:4   | Reached XP level 14. HP: 116/116 MP: 21/21
 13045 | Lair:4   | XOM: give mutations
 13045 | Lair:4   | Gained mutation: You have hidden genetic defects. [Xom's
                  | mischief]
 13045 | Lair:4   | Lost mutation: You are agile. (Dex +4, Str/Int -1) [Xom's
                  | mischief]
 13045 | Lair:4   | Lost mutation: You heal very quickly. [Xom's mischief]
 13045 | Lair:4   | Lost mutation: Your natural rate of healing is unusually
                  | fast. [Xom's mischief]
 13045 | Lair:4   | Gained mutation: You do not regenerate when monsters are
                  | visible. [Xom's mischief]
 14117 | Lair:4   | XOM: summons 8 hostile demons
 14377 | Lair:4   | XOM: give mutation
 14377 | Lair:4   | Lost mutation: Your spells are harder to cast, but more
                  | powerful. [Xom's mischief]
 14604 | Lair:5   | Entered Level 5 of the Lair of Beasts
 14605 | Lair:5   | XOM: cleaving
 14613 | Lair:5   | XOM: polymorph blink frog -> jelly
 14634 | Lair:5   | XOM: silly message
 14883 | Lair:5   | Found a viscous altar of Jiyva.
 14883 | Lair:5   | Found a staircase to the Slime Pits.
 14887 | Lair:5   | Fell from the grace of Xom
 14887 | Lair:5   | Became a worshipper of Jiyva Jumpokur the Shapeless
 15064 | Lair:5   | Gained mutation: You are clumsy. (Dex -2) [hidden defects]
 15345 | Lair:5   | Reached * piety under Jiyva
 15365 | Lair:5   | XOM: noise
 15396 | Lair:5   | Gained mutation: You are frail. (-10% HP) [hidden defects]
 15396 | Lair:5   | Lost mutation: You have hidden genetic defects. [hidden
                  | defects expressed]
 15810 | Lair:5   | Upgraded the game from 0.32-a0-485-g70f7560b1c to
                  | 0.32-a0-520-g344ed53f66
 15829 | Lair:5   | XOM: summons 1 hostile demon
 16043 | D:12     | You fall into a shaft and drop 2 floors!
 16461 | D:14     | Reached ** piety under Jiyva
 16617 | D:14     | Reached XP level 15. HP: 103/111 MP: 25/25
 16757 | D:14     | Found a gate to the Vaults.
 17162 | D:15     | Entered Level 15 of the Dungeon
 17168 | D:15     | Found Duthryf's Antique Weapon Shoppe.
 17453 | D:15     | Found a staircase to the Depths.
 17780 | D:15     | XOM: summons 6 hostile demons
 18050 | D:15     | Reached *** piety under Jiyva
 18258 | D:13     | Found a gate leading to a gauntlet.
 18262 | Gauntlet | Entered a Gauntlet
 18262 | Gauntlet | Found a transporter.
 18262 | Gauntlet | Found a transporter.
 18274 | Gauntlet | Found a transporter.
 18292 | Gauntlet | Found a transporter.
 18292 | Gauntlet | Found a transporter.
 18292 | Gauntlet | Found a transporter.
 18294 | Gauntlet | Lost mutation: You possess an exceptional clarity of mind.
                  | [Jiyva's grace]
 18294 | Gauntlet | Lost mutation: You are frail. (-10% HP) [Jiyva's grace]
 18294 | Gauntlet | Gained mutation: Your translucent skin slightly reduces
                  | your foes' accuracy. (Stealth+) [Jiyva's grace]
 18294 | Gauntlet | Gained mutation: Your translucent skin reduces your foes'
                  | accuracy. (Stealth+) [Jiyva's grace]
 18294 | Gauntlet | Gained mutation: Your transparent skin significantly
                  | reduces your foes' accuracy. (Stealth+) [Jiyva's grace]
 18294 | Gauntlet | Gained mutation: Your melee attacks may engulf your foes in
                  | ooze. [Jiyva's grace]
 18294 | Gauntlet | Found a transporter.
 18294 | Gauntlet | Found a transporter.
 18309 | Gauntlet | Found a transporter.
 18325 | Gauntlet | Found a transporter.
 18335 | Gauntlet | Found a transporter.
 18349 | Gauntlet | Found a transporter.
 18383 | Gauntlet | Found a transporter.
 18398 | Gauntlet | Found a transporter.
 18450 | Gauntlet | XOM: noise
 18510 | Gauntlet | Identified the orb of Gugat {mayhem, rC+ rN+ Int+4}
 18543 | Gauntlet | Identified the ring of the Byakko {+Blink rElec rPois Int+5
                  | SInv}
 18560 | Gauntlet | Reached skill level 1 in Invocations
 18564 | Gauntlet | Identified the +1 hat of Sif Muna's Esteem {*Slow Regen+
                  | Str+4 Dex+2}
 18584 | Gauntlet | Got the Volume of the Massed Tomb
 18603 | D:13     | Noticed Josephine
 18610 | D:13     | Killed Josephine
 18650 | D:13     | XOM: noise
 18723 | D:13     | Reached **** piety under Jiyva
 19201 | D:12     | Found Obli's Tiny Tomes.
 19221 | D:12     | Reached skill level 10 in Translocations
 19312 | D:12     | Noticed Jorgrun
 19345 | D:12     | Killed Jorgrun
 19346 | D:12     | XOM: noise
 19559 | Orc:1    | Entered Level 1 of the Orcish Mines
 19678 | Orc:1    | Noticed Snorg
 19690 | Orc:1    | Killed Snorg
 19691 | Orc:1    | Reached XP level 16. HP: 133/134 MP: 28/28
 19802 | Orc:2    | Entered Level 2 of the Orcish Mines
 19823 | Orc:2    | Found Ycsock's Armour Emporium.
 19908 | Orc:2    | Found a staircase to the Elven Halls.
 20043 | Orc:2    | Reached ***** piety under Jiyva
 20123 | Orc:2    | Found Uqumig's Antique Weapon Boutique.
 20143 | Orc:2    | Found Noirhatz's Jewellery Shop.
 20204 | Orc:2    | Found an ancient bone altar of Kikubaaqudgha.
 20204 | Orc:2    | Noticed Nergalle
 20215 | Orc:2    | Killed Nergalle
 20222 | Orc:2    | Found Iwku's Magic Scroll Shop.
 20259 | Orc:2    | Noticed Erolcha
 20266 | Orc:2    | Killed Erolcha
 20269 | Orc:2    | Found a radiant altar of Vehumet.
 20292 | Orc:2    | XOM: noise
 20301 | Orc:2    | Found a roughly hewn altar of Beogh.
 20320 | Orc:2    | Bought a scroll of revelation for 97 gold pieces
 20320 | Orc:2    | Bought a scroll of fear for 52 gold pieces
 20320 | Orc:2    | Bought 2 scrolls of fog for 104 gold pieces
 20320 | Orc:2    | Bought a scroll of enchant armour for 97 gold pieces
 20344 | Orc:2    | Found Xome's Antique Weapon Boutique.
 20410 | Orc:2    | XOM: noise
 20480 | Orc:2    | Found a roughly hewn altar of Beogh.
 20561 | Orc:2    | XOM: summons 2 hostile demons
 20653 | Orc:1    | XOM: noise
 20753 | Orc:1    | XOM: scenery: create altars
 21030 | Swamp:1  | Entered Level 1 of the Swamp
 21047 | Swamp:1  | Found a transporter.
 21047 | Swamp:1  | Lost mutation: You are partially covered in iridescent
                  | scales. (AC +2) [Jiyva's grace]
 21047 | Swamp:1  | Lost mutation: You do not regenerate when monsters are
                  | visible. [Jiyva's grace]
 21047 | Swamp:1  | Lost mutation: Your muscles are strong. (Str +4, Int/Dex
                  | -1) [Jiyva's grace]
 21047 | Swamp:1  | Lost mutation: Your spells are a little harder to cast, but
                  | a little more powerful. [Jiyva's grace]
 21047 | Swamp:1  | Gained mutation: You have a pair of large horns on your
                  | head. [Jiyva's grace]
 21047 | Swamp:1  | Gained mutation: You are partially covered in iridescent
                  | scales. (AC +2) [Jiyva's grace]
 21047 | Swamp:1  | Gained mutation: You are mostly covered in iridescent
                  | scales. (AC +4) [Jiyva's grace]
 21047 | Swamp:1  | Gained mutation: You are completely covered in iridescent
                  | scales. (AC +6) [Jiyva's grace]
 21057 | Swamp:1  | Noticed a hellephant
 21060 | Swamp:1  | Noticed Okkeon's ghost (adept MfBe)
 21079 | Swamp:1  | Found a transporter.
 21079 | Swamp:1  | Noticed a tentacled starspawn
 21177 | Swamp:1  | Noticed a fenstrider witch
 21188 | Swamp:1  | Killed a fenstrider witch
 21452 | Swamp:1  | Found a basalt altar of Yredelemnul.
 21529 | Swamp:1  | XOM: god gift: mace {god gift}
 21623 | Swamp:1  | XOM: summons 14 hostile demons
 21681 | Swamp:1  | Reached skill level 15 in Fighting
 21684 | Swamp:1  | Found a one-way gate to the infinite horrors of the Abyss.
 21874 | Swamp:1  | XOM: summons 2 hostile demons
 21983 | Swamp:2  | Found a glacial archway.
 22000 | IceCv    | Entered an ice cave
 22031 | IceCv    | Found a transporter.
 22038 | IceCv    | Identified the +0 ice dragon scales "Wafecw" {Harm ^Drain
                  | Fly rElec rF- rC++ rCorr}
 22040 | IceCv    | Found a transporter.
 22143 | Swamp:2  | XOM: 2-stop teleportation journey
 22494 | Swamp:2  | XOM: draining
 22610 | Swamp:2  | Reached ****** piety under Jiyva
 22630 | Swamp:2  | XOM: summons 14 hostile demons
 22673 | Swamp:2  | Learned a level 1 spell: Apportation
 22789 | Slime:1  | Entered Level 1 of the Pits of Slime
 22792 | Slime:2  | Noticed an acid blob
 22810 | Slime:2  | Noticed a rockslime
 22813 | Slime:2  | Noticed an azure jelly
 22815 | Slime:3  | XOM: noise
 22839 | Slime:3  | Noticed a rockslime
 22842 | Slime:3  | Noticed a rockslime
 22845 | Slime:4  | Noticed Dissolution
 22847 | Slime:4  | Noticed an azure jelly
 22854 | Slime:5  | Entered Level 5 of the Pits of Slime
 22854 | Slime:5  | Noticed an acid blob
 22858 | Slime:5  | Noticed a rockslime
 22865 | Slime:5  | Noticed an acid blob
 22870 | Slime:5  | Noticed an acid blob
 22871 | Slime:5  | Noticed a rockslime
 22871 | Slime:5  | Noticed an acid blob
 22874 | Slime:5  | Noticed a rockslime
 22877 | Slime:5  | Noticed a rockslime
 22881 | Slime:5  | Noticed an acid blob
 22882 | Slime:5  | Noticed a rockslime
 22891 | Slime:5  | Noticed an azure jelly
 22894 | Slime:5  | Noticed an acid blob
 22902 | Slime:5  | Found a viscous altar of Jiyva.
 22908 | Slime:5  | Noticed the Royal Jelly
 22913 | Slime:5  | Identified the amulet of Abstinence {Faith Rampage rN+
                  | Stlth+}
 22932 | Slime:5  | Got a slimy rune of Zot
 22932 | Slime:5  | Got a starry gem with 477 turns to spare
 22950 | Slime:5  | Identified the +2 orcbow of Deud {elec, ^Contam rElec rN+
                  | Str+2}
 22953 | Slime:5  | Identified the +2 scale mail of Nuilasut {rF+}
 22988 | Slime:5  | Noticed an azure jelly
 23013 | Slime:5  | Noticed a rockslime
 23016 | Slime:5  | XOM: noise
 23058 | Slime:5  | Noticed an acid blob
 23060 | Slime:5  | Noticed an azure jelly
 23068 | Slime:5  | XOM: noise
 23071 | Slime:5  | Noticed an acid blob
 23094 | Slime:5  | Noticed an azure jelly
 23109 | Slime:5  | Noticed a rockslime
 23243 | Slime:4  | Noticed an acid blob
 23415 | Swamp:3  | Reached XP level 17. HP: 89/129 MP: 26/30
 23468 | Swamp:3  | Reached skill level 5 in Invocations
 23616 | Swamp:3  | XOM: give mutations
 23616 | Swamp:3  | Lost mutation: You have a pair of large horns on your head.
                  | [Xom's mischief]
 23616 | Swamp:3  | Gained mutation: You occasionally lose the ability to drink
                  | potions when taking damage. [Xom's mischief]
 23616 | Swamp:3  | Lost mutation: You are strong-willed. (Will+) [Xom's
                  | mischief]
 23616 | Swamp:3  | Was forgiven by Xom
 24014 | Swamp:4  | Entered Level 4 of the Swamp
 24375 | Swamp:4  | Reached skill level 10 in Spellcasting
 24447 | Swamp:4  | Identified the serpent talisman of Wu Jian, Flying {rN+
                  | Str+4}
 24447 | Swamp:4  | Noticed Aizul
 24461 | Swamp:4  | Killed Aizul
 24652 | Swamp:4  | Got a decaying rune of Zot
 24957 | Swamp:4  | Lost mutation: Your system is resistant to poisons. (rPois)
                  | [Jiyva's grace]
 24957 | Swamp:4  | Lost mutation: Your transparent skin significantly reduces
                  | your foes' accuracy. (Stealth+) [Jiyva's grace]
 24957 | Swamp:4  | Lost mutation: You occasionally lose the ability to drink
                  | potions when taking damage. [Jiyva's grace]
 24957 | Swamp:4  | Gained mutation: Your body has grown eyes which may confuse
                  | attackers. (Acc +3) [Jiyva's grace]
 24957 | Swamp:4  | Gained mutation: Your body has grown many eyes which may
                  | confuse attackers. (Acc +5) [Jiyva's grace]
 24957 | Swamp:4  | Gained mutation: Your body is covered in eyes which may
                  | confuse attackers. (Acc +7, SInv) [Jiyva's grace]
 24957 | Swamp:4  | Gained mutation: You have acidic saliva. [Jiyva's grace]
 25175 | Elf:1    | Entered Level 1 of the Elven Halls
 25290 | Elf:1    | Identified the +8 rapier "Vuorauc" {flame, rF+}
 25559 | Elf:1    | Found a flickering gateway to a bazaar.
 25576 | Bazaar   | Entered a bazaar
 25590 | Bazaar   | Found Dacly's Weapon Shoppe.
 25606 | Bazaar   | Found Xut Erch's Assorted Antiques.
 25621 | Bazaar   | Found Pinues's Book Shoppe.
 25682 | Bazaar   | Bought a pair of steaming gloves for 256 gold pieces
 25682 | Bazaar   | Identified the +1 pair of gloves "Obap Mupp" {rF+ Str+4
                  | Int+3} (You bought it in a shop in a bazaar)
 25682 | Bazaar   | Bought a scroll of poison for 108 gold pieces
 25682 | Bazaar   | Bought a potion of curing for 81 gold pieces
 25767 | Elf:1    | Found a runed translucent gate.
 25767 | Elf:1    | Found a runed translucent gate.
 25768 | Elf:1    | Found a runed translucent gate.
 25770 | Elf:1    | Noticed asd2613's ghost (journeyman MDFi)
 25777 | Elf:1    | Reached XP level 18. HP: 151/151 MP: 22/32
 26248 | Elf:2    | Reached skill level 1 in Short Blades
 26269 | Elf:2    | Found an ancient bone altar of Kikubaaqudgha.
 26340 | Elf:2    | Found a runed translucent gate.
 26341 | Elf:2    | Found a runed translucent gate.
 26341 | Elf:2    | Found a runed translucent gate.
 26445 | Elf:2    | Noticed a deep elf blademaster
 26482 | Elf:3    | Entered Level 3 of the Elven Halls
 26690 | Elf:3    | Found Etesub's Magic Scroll Boutique.
 26693 | Elf:3    | Bought a scroll of acquirement for 624 gold pieces
 26693 | Elf:3    | Acquired the +1 double sword "Pikaobb" {speed, Will+ Str+5
                  | Int-2 Stlth+}
 26748 | Elf:3    | Reached skill level 15 in Dodging
 26787 | Elf:3    | Learned a level 3 spell: Fugue of the Fallen
 26790 | Elf:3    | Noticed a deep elf blademaster
 26796 | Elf:3    | Killed a deep elf blademaster
 26876 | Elf:3    | Noticed a deep elf blademaster
 26878 | Elf:3    | Noticed a deep elf blademaster
 26880 | Elf:3    | Identified the ring of Higgeple {rF+ Slay+3 Stlth+}
 26889 | Elf:3    | Reached skill level 1 in Necromancy
 26891 | Elf:3    | Killed a deep elf blademaster
 26891 | Elf:3    | Killed a deep elf blademaster
 26894 | Elf:3    | Identified the +5 rapier "Ogreslayer" {venom, rN+ rCorr
                  | Dex+3}
 26901 | Elf:3    | Noticed a deep elf blademaster
 26904 | Elf:3    | Noticed a deep elf master archer
 26914 | Elf:3    | Killed a deep elf master archer
 26916 | Elf:3    | Killed a deep elf blademaster
 27057 | Elf:3    | Reached skill level 15 in Long Blades
 27096 | Elf:3    | Identified the +5 plate armour of the Northern Lights
                  | {rElec}
 27096 | Elf:3    | Noticed a deep elf master archer
 27119 | Elf:3    | Killed a deep elf master archer
 27120 | Elf:3    | Reached XP level 19. HP: 121/161 MP: 8/33
 27128 | Elf:3    | Identified the +3 spear "Wifeavumm" {vamp, rN++}
 27181 | Elf:3    | Lost mutation: You are completely covered in iridescent
                  | scales. (AC +6) [Jiyva's grace]
 27181 | Elf:3    | Lost mutation: You are mostly covered in iridescent scales.
                  | (AC +4) [Jiyva's grace]
 27181 | Elf:3    | Lost mutation: Your mind is acute. (Int +4, Str/Dex -1)
                  | [Jiyva's grace]
 27181 | Elf:3    | Lost mutation: Your body is covered in eyes which may
                  | confuse attackers. (Acc +7, SInv) [Jiyva's grace]
 27181 | Elf:3    | Lost mutation: Your body has grown many eyes which may
                  | confuse attackers. (Acc +5) [Jiyva's grace]
 27181 | Elf:3    | Lost mutation: Your translucent skin reduces your foes'
                  | accuracy. (Stealth+) [Jiyva's grace]
 27181 | Elf:3    | Gained mutation: Your flesh is very cold resistant. (rC++)
                  | [Jiyva's grace]
 27181 | Elf:3    | Gained mutation: Your flesh is almost immune to the effects
                  | of cold. (rC+++) [Jiyva's grace]
 27181 | Elf:3    | Gained mutation: Your spells are a little harder to cast,
                  | but a little more powerful. [Jiyva's grace]
 27181 | Elf:3    | Gained mutation: Your spells are harder to cast, but more
                  | powerful. [Jiyva's grace]
 27218 | Elf:3    | Got a shimmering gem with 16 turns to spare
 27254 | Elf:3    | Identified the staff of Eminent Domain {+Blink rElec Dex+6
                  | Air}
 27584 | Elf:3    | Bought a scroll of teleportation for 36 gold pieces
 27584 | Elf:3    | Bought a scroll of immolation for 48 gold pieces
 27584 | Elf:3    | Bought a scroll of fog for 48 gold pieces
 28110 | Spider:1 | Entered Level 1 of the Spider Nest
 28114 | Spider:1 | Found a runed translucent door.
 28119 | Spider:1 | Noticed GiantSquids's ghost (adept CoBr)
 28502 | Spider:1 | Identified the +0 robe of Action {Str+5}
 29465 | Spider:2 | Lost mutation: You have a pair of horns on your head.
                  | [Jiyva's grace]
 29465 | Spider:2 | Lost mutation: You have a pair of small horns on your head.
                  | [Jiyva's grace]
 29465 | Spider:2 | Lost mutation: Your spells are harder to cast, but more
                  | powerful. [Jiyva's grace]
 29465 | Spider:2 | Lost mutation: You have acidic saliva. [Jiyva's grace]
 29465 | Spider:2 | Lost mutation: Your translucent skin slightly reduces your
                  | foes' accuracy. (Stealth+) [Jiyva's grace]
 29465 | Spider:2 | Gained mutation: Your flesh is very heat resistant. (rF++)
                  | [Jiyva's grace]
 29465 | Spider:2 | Gained mutation: Your flesh is almost immune to the effects
                  | of heat. (rF+++) [Jiyva's grace]
 29465 | Spider:2 | Gained mutation: Your body has grown many eyes which may
                  | confuse attackers. (Acc +5) [Jiyva's grace]
 29465 | Spider:2 | Gained mutation: Your body is covered in eyes which may
                  | confuse attackers. (Acc +7, SInv) [Jiyva's grace]
 29820 | Spider:3 | Noticed Roxanne
 29841 | Spider:3 | Reached skill level 5 in Necromancy
 29868 | Spider:3 | Killed Roxanne
 30442 | Spider:4 | Entered Level 4 of the Spider Nest
 30670 | Spider:4 | Acquired 958 gold pieces
 30943 | Spider:4 | Noticed Arachne
 30958 | Spider:4 | Killed Arachne
 31046 | Spider:4 | Reached XP level 20. HP: 99/170 MP: 7/34
 31222 | Spider:4 | Got a gossamer rune of Zot
 31225 | Spider:4 | Identified the +0 pair of gloves of Jesoh {Str+6}
 32127 | Vaults:1 | Entered Level 1 of the Vaults
 32192 | Vaults:1 | Lost mutation: Your body is covered in eyes which may
                  | confuse attackers. (Acc +7, SInv) [Jiyva's grace]
 32192 | Vaults:1 | Gained mutation: You have acidic saliva. [Jiyva's grace]
 32192 | Vaults:1 | Gained mutation: You expend magic power (3 MP) to
                  | strengthen your wands. [Jiyva's grace]
 32192 | Vaults:1 | Gained mutation: Your mind is acute. (Int +4, Str/Dex -1)
                  | [Jiyva's grace]
 32192 | Vaults:1 | Gained mutation: Your mind is very acute. (Int +8, Str/Dex
                  | -2) [Jiyva's grace]
 32468 | Vaults:1 | Found a crumbling gateway.
 32485 | Desolati | Entered the Desolation of Salt
 32681 | Desolati | Got the Folio of Prime Profane Arts
 32879 | Desolati | Identified the +6 great mace of Voer {venom, rN+ Will+}
 32881 | Desolati | Lost mutation: Your mind is very acute. (Int +8, Str/Dex
                  | -2) [Jiyva's grace]
 32881 | Desolati | Lost mutation: Your flesh is almost immune to the effects
                  | of heat. (rF+++) [Jiyva's grace]
 32881 | Desolati | Lost mutation: Your flesh is very heat resistant. (rF++)
                  | [Jiyva's grace]
 32881 | Desolati | Lost mutation: Your body has grown many eyes which may
                  | confuse attackers. (Acc +5) [Jiyva's grace]
 32881 | Desolati | Lost mutation: Your body has grown eyes which may confuse
                  | attackers. (Acc +3) [Jiyva's grace]
 32881 | Desolati | Gained mutation: You have very sharp teeth. [Jiyva's grace]
 32881 | Desolati | Gained mutation: You have extremely sharp teeth. [Jiyva's
                  | grace]
 32881 | Desolati | Gained mutation: You have razor-sharp teeth. [Jiyva's
                  | grace]
 32881 | Desolati | Gained mutation: Your system is resistant to poisons.
                  | (rPois) [Jiyva's grace]
 32912 | Desolati | Got the Compendium of Ignition and the Familiar
 32923 | Desolati | Found the +4 robe of Folly {Brill Will-∞ Int+8}
 32953 | Desolati | Reached skill level 10 in Evocations
 32960 | Desolati | Identified the +3 plate armour "Huisch" {Str+2 Dex+3}
 32987 | Desolati | Found the +10 zealot's sword {holy, Zealotry, *Rage rN+
                  | EV+3}
 33028 | Desolati | Identified the staff of Drought {rElec rC+ rN+ Air}
 34108 | Vaults:2 | Found a runed translucent gate.
 34108 | Vaults:2 | Found a runed translucent gate.
 34108 | Vaults:2 | Found a runed translucent gate.
 34184 | Vaults:2 | Reached XP level 21. HP: 162/162 MP: 35/35
 34415 | Vaults:2 | Found a staircase to the Crypt.
 34415 | Vaults:2 | Found an ancient bone altar of Kikubaaqudgha.
 34416 | Vaults:2 | Found a basalt altar of Yredelemnul.
 34443 | Vaults:2 | Lost mutation: You are clumsy. (Dex -2) [Jiyva's grace]
 34443 | Vaults:2 | Gained mutation: You are agile. (Dex +4, Str/Int -1)
                  | [Jiyva's grace]
 34443 | Vaults:2 | Gained mutation: You are very agile. (Dex +8, Str/Int -2)
                  | [Jiyva's grace]
 34443 | Vaults:2 | Gained mutation: You have a pair of small horns on your
                  | head. [Jiyva's grace]
 34443 | Vaults:2 | Gained mutation: You have a pair of horns on your head.
                  | [Jiyva's grace]
 34691 | Vaults:2 | Found Malajib's Distillery.
 34698 | Vaults:2 | Bought a potion of heal wounds for 85 gold pieces
 34698 | Vaults:2 | Bought a potion of invisibility for 136 gold pieces
 34698 | Vaults:2 | Bought a potion of invisibility for 136 gold pieces
 34922 | Vaults:2 | Found Uboumo Reta's Weapon Boutique.
 35174 | Vaults:3 | Noticed Donald
 35183 | Vaults:3 | Killed Donald
 35685 | Vaults:3 | Found Juis's Magic Scroll Boutique.
 35690 | Vaults:3 | Bought a scroll of fog for 72 gold pieces
 35690 | Vaults:3 | Bought a scroll of fog for 72 gold pieces
 35690 | Vaults:3 | Bought a scroll of enchant weapon for 135 gold pieces
 35690 | Vaults:3 | Bought 3 scrolls of butterflies for 216 gold pieces
 35690 | Vaults:3 | Bought a scroll of brand weapon for 171 gold pieces
 35998 | Vaults:3 | Identified the +4 arbalest of Wu Jian's Benevolence {speed,
                  | ^Fragile rElec MP+9 Dex-2}
 36039 | Vaults:4 | Lost mutation: You have a pair of horns on your head.
                  | [Jiyva's grace]
 36039 | Vaults:4 | Lost mutation: You are partially covered in iridescent
                  | scales. (AC +2) [Jiyva's grace]
 36039 | Vaults:4 | Lost mutation: Your flesh is almost immune to the effects
                  | of cold. (rC+++) [Jiyva's grace]
 36039 | Vaults:4 | Lost mutation: Your spells are a little harder to cast, but
                  | a little more powerful. [Jiyva's grace]
 36039 | Vaults:4 | Gained mutation: Your mind is very acute. (Int +8, Str/Dex
                  | -2) [Jiyva's grace]
 36039 | Vaults:4 | Gained mutation: Your rubbery body absorbs attacks. (AC +1,
                  | EV +1) [Jiyva's grace]
 36039 | Vaults:4 | Gained mutation: Your pliable body absorbs attacks. (AC +2,
                  | EV +2) [Jiyva's grace]
 36039 | Vaults:4 | Gained mutation: Your gelatinous body deflects attacks. (AC
                  | +3, EV +3) [Jiyva's grace]
 36102 | Vaults:4 | Found a runed translucent door.
 36195 | Vaults:4 | Reached skill level 10 in Invocations
 36794 | Vaults:4 | Reached XP level 22. HP: 190/190 MP: 36/36
 36934 | Vaults:4 | Lost mutation: You have razor-sharp teeth. [mutagenic glow]
 36964 | Vaults:4 | Gained mutation: You are frail. (-10% HP) [mutagenic glow]
 36974 | Vaults:4 | Gained mutation: You sometimes lose your temper in combat.
                  | [mutagenic glow]
 36981 | Vaults:4 | Gained mutation: Your body sometimes deteriorates upon
                  | taking damage. [mutagenic glow]
 37023 | Vaults:5 | Entered Level 5 of the Vaults
 37070 | Vaults:4 | Lost mutation: Your mind is very acute. (Int +8, Str/Dex
                  | -2) [potion of mutation]
 37070 | Vaults:4 | Lost mutation: Your mind is acute. (Int +4, Str/Dex -1)
                  | [potion of mutation]
 37070 | Vaults:4 | Lost mutation: Your flesh is very cold resistant. (rC++)
                  | [potion of mutation]
 37070 | Vaults:4 | Lost mutation: You expend magic power (3 MP) to strengthen
                  | your wands. [potion of mutation]
 37070 | Vaults:4 | Gained mutation: You have hidden genetic potential. [potion
                  | of mutation]
 37071 | Vaults:4 | Lost mutation: Your melee attacks may engulf your foes in
                  | ooze. [potion of mutation]
 37071 | Vaults:4 | Lost mutation: You have hidden genetic potential. [potion
                  | of mutation]
 37071 | Vaults:4 | Lost mutation: You have extremely sharp teeth. [potion of
                  | mutation]
 37072 | Vaults:4 | Lost mutation: You have a pair of small horns on your head.
                  | [potion of mutation]
 37072 | Vaults:4 | Lost mutation: Your gelatinous body deflects attacks. (AC
                  | +3, EV +3) [potion of mutation]
 37072 | Vaults:4 | Lost mutation: You have acidic saliva. [potion of mutation]
 37073 | Vaults:4 | Lost mutation: You are frail. (-10% HP) [potion of
                  | mutation]
 37073 | Vaults:4 | Lost mutation: Your pliable body absorbs attacks. (AC +2,
                  | EV +2) [potion of mutation]
 37073 | Vaults:4 | Lost mutation: Your rubbery body absorbs attacks. (AC +1,
                  | EV +1) [potion of mutation]
 37073 | Vaults:4 | Gained mutation: Armour fits poorly on your strangely
                  | shaped body. [potion of mutation]
 37073 | Vaults:4 | Gained mutation: Your magical capacity is low. (-10% MP)
                  | [potion of mutation]
 37074 | Vaults:4 | Lost mutation: You sometimes lose your temper in combat.
                  | [potion of mutation]
 37074 | Vaults:4 | Lost mutation: Armour fits poorly on your strangely shaped
                  | body. [potion of mutation]
 37074 | Vaults:4 | Lost mutation: Your system is resistant to poisons. (rPois)
                  | [potion of mutation]
 37074 | Vaults:4 | Gained mutation: You sometimes lose your temper in combat.
                  | [potion of mutation]
 37074 | Vaults:4 | Gained mutation: You have a pair of small horns on your
                  | head. [potion of mutation]
 37074 | Vaults:4 | Gained mutation: You are frail. (-10% HP) [potion of
                  | mutation]
 37075 | Vaults:4 | Lost mutation: You have very sharp teeth. [potion of
                  | mutation]
 37075 | Vaults:4 | Lost mutation: Your body sometimes deteriorates upon taking
                  | damage. [potion of mutation]
 37075 | Vaults:4 | Lost mutation: You are frail. (-10% HP) [potion of
                  | mutation]
 37075 | Vaults:4 | Gained mutation: You are robust. (+10% HP) [potion of
                  | mutation]
 37075 | Vaults:4 | Gained mutation: You expend magic power (3 MP) to
                  | strengthen your wands. [potion of mutation]
 37337 | Vaults:5 | Found the +10 dark maul {heavy}
 37374 | Vaults:5 | Got the Catalogue of Posthumous Frostbite
 37393 | Vaults:5 | Noticed a golden dragon
 37418 | Vaults:5 | Killed a golden dragon
 37445 | Vaults:5 | Found the +7 hand cannon "Mule" {flame, backblast, rF+}
 37472 | Vaults:5 | Got a silver rune of Zot
 37501 | Vaults:5 | Noticed a golden dragon
 37559 | Vaults:5 | Acquired a +0 demon blade of draining
 37638 | Vaults:5 | Found Wanachebb's Distillery.
 37647 | Vaults:5 | Found Ykyqycul's Magic Scroll Shop.
 37655 | Vaults:5 | Noticed an ancient lich
 37664 | Vaults:5 | Killed an ancient lich
 37680 | Vaults:5 | Found Ethro's Magic Scroll Boutique.
 37683 | Vaults:5 | Found Yfaijergho's Magic Scroll Emporium.
 37684 | Vaults:5 | Bought a scroll of teleportation for 60 gold pieces
 37684 | Vaults:5 | Bought a scroll of revelation for 150 gold pieces
 37684 | Vaults:5 | Bought a scroll of butterflies for 80 gold pieces
 37693 | Vaults:5 | Bought a scroll of enchant armour for 157 gold pieces
 37723 | Vaults:5 | Bought a scroll of enchant armour for 105 gold pieces
 37723 | Vaults:5 | Bought a scroll of teleportation for 42 gold pieces
 37723 | Vaults:5 | Bought a scroll of revelation for 105 gold pieces
 37723 | Vaults:5 | Bought a scroll of teleportation for 42 gold pieces
 37723 | Vaults:5 | Bought a scroll of teleportation for 42 gold pieces
 37723 | Vaults:5 | Bought a scroll of enchant armour for 105 gold pieces
 37723 | Vaults:5 | Bought a scroll of brand weapon for 133 gold pieces
 37731 | Vaults:5 | Found Furazxoi's Distillery.
 37736 | Vaults:5 | Bought 2 potions of mutation for 272 gold pieces
 37736 | Vaults:5 | Bought a potion of ambrosia for 136 gold pieces
 37736 | Vaults:5 | Bought a potion of mutation for 136 gold pieces
 37736 | Vaults:5 | Bought a potion of curing for 51 gold pieces
 37736 | Vaults:5 | Bought a potion of might for 68 gold pieces
 37736 | Vaults:5 | Bought a potion of ambrosia for 136 gold pieces
 37821 | Vaults:5 | Identified the +8 chain mail of Decompression {rF+++ Dex-4
                  | SInv}
 37875 | Vaults:5 | Lost mutation: Your magical capacity is low. (-10% MP)
                  | [Jiyva's grace]
 37875 | Vaults:5 | Lost mutation: You expend magic power (3 MP) to strengthen
                  | your wands. [Jiyva's grace]
 37875 | Vaults:5 | Gained mutation: You have acidic saliva. [Jiyva's grace]
 37875 | Vaults:5 | Gained mutation: Your rubbery body absorbs attacks. (AC +1,
                  | EV +1) [Jiyva's grace]
 37875 | Vaults:5 | Gained mutation: Your pliable body absorbs attacks. (AC +2,
                  | EV +2) [Jiyva's grace]
 37875 | Vaults:5 | Gained mutation: Your gelatinous body deflects attacks. (AC
                  | +3, EV +3) [Jiyva's grace]
 38050 | Vaults:5 | Killed a golden dragon
 38088 | Vaults:5 | Identified the storm talisman "Aqaffi" {rF+ Will+ SInv
                  | Stlth+}
 38088 | Vaults:5 | Noticed Sojobo
 38113 | Vaults:5 | Killed Sojobo
 38114 | Vaults:5 | Reached XP level 23. HP: 215/215 MP: 14/37
 38117 | Vaults:5 | Noticed Margery
 38327 | Vaults:5 | Killed Margery
 38820 | Depths:1 | Entered Level 1 of the Depths
 39517 | Depths:1 | Found a gateway to Hell.
 39893 | Depths:2 | Found Esantybu's General Store.
 39900 | Depths:2 | Found Ringeh's Magic Scroll Boutique.
 39903 | Depths:2 | Bought a wand of roots (7) for 336 gold pieces
 39903 | Depths:2 | Bought a scroll of immolation for 80 gold pieces
 39907 | Depths:2 | Bought a scroll of enchant armour for 172 gold pieces
 39907 | Depths:2 | Bought a scroll of fog for 92 gold pieces
 39907 | Depths:2 | Bought a scroll of fog for 92 gold pieces
 40055 | Depths:2 | Reached skill level 15 in Invocations
 40162 | Depths:2 | Found a burning altar of Makhleb.
 40388 | Depths:2 | Found a one-way gate leading to the halls of Pandemonium.
 40419 | Depths:2 | Lost mutation: You are robust. (+10% HP) [Jiyva's grace]
 40419 | Depths:2 | Lost mutation: Your gelatinous body deflects attacks. (AC
                  | +3, EV +3) [Jiyva's grace]
 40419 | Depths:2 | Gained mutation: Your muscles are strong. (Str +4, Int/Dex
                  | -1) [Jiyva's grace]
 40419 | Depths:2 | Gained mutation: Your muscles are very strong. (Str +8,
                  | Int/Dex -2) [Jiyva's grace]
 40419 | Depths:2 | Gained mutation: You expend magic power (3 MP) to
                  | strengthen your wands. [Jiyva's grace]
 40419 | Depths:2 | Gained mutation: Your spells are a little harder to cast,
                  | but a little more powerful. [Jiyva's grace]
 40467 | Depths:2 | Identified the +7 flail "Jarif Isaing" {holy, *Noise rElec
                  | rC+ Dex+3}
 40801 | Depths:3 | Noticed a juggernaut
 40863 | Depths:3 | Killed a juggernaut
 40891 | Depths:3 | Reached XP level 24. HP: 183/204 MP: 14/37
 40903 | Depths:3 | Noticed a dread lich
 40980 | Depths:3 | Killed a dread lich
 41547 | Depths:4 | Entered Level 4 of the Depths
 41615 | Depths:4 | Found Zoafyn's Jewellery Shop.
 41668 | Depths:4 | Noticed a caustic shrike
 41668 | Depths:4 | Noticed a caustic shrike
 41668 | Depths:4 | Noticed a caustic shrike
 41669 | Depths:4 | Noticed a caustic shrike
 41670 | Depths:4 | Noticed a caustic shrike
 41714 | Depths:4 | Found a blossoming altar of Fedhas.
 42010 | Depths:4 | Found a gate to the Realm of Zot.
 42186 | Depths:4 | Found a one-way gateway to a ziggurat.
 42195 | Zig:1    | Entered Level 1 of a ziggurat
 42195 | Zig:1    | Noticed Ocvigub the pandemonium lord
 42238 | Zig:1    | Killed Ocvigub the pandemonium lord
 42290 | Zig:2    | Entered Level 2 of a ziggurat
 42304 | Zig:2    | Identified the +9 double sword "Hope Sedo" {venom, Str+2}
 42320 | Zig:3    | Entered Level 3 of a ziggurat
 42338 | Zig:4    | Entered Level 4 of a ziggurat
 42369 | Zig:4    | Identified the +4 long sword of Sudden Death {flame, rF+}
 42403 | Zig:5    | Entered Level 5 of a ziggurat
 42416 | Zig:5    | Noticed a curse toe
 42430 | Zig:5    | Killed a curse toe
 42485 | Zig:6    | Entered Level 6 of a ziggurat
 42490 | Zig:6    | Noticed a juggernaut
 42502 | Zig:6    | Killed a juggernaut
 42552 | Depths:4 | Lost mutation: You sometimes lose your temper in combat.
                  | [Jiyva's grace]
 42552 | Depths:4 | Lost mutation: You have acidic saliva. [Jiyva's grace]
 42552 | Depths:4 | Lost mutation: Your pliable body absorbs attacks. (AC +2,
                  | EV +2) [Jiyva's grace]
 42552 | Depths:4 | Lost mutation: Your rubbery body absorbs attacks. (AC +1,
                  | EV +1) [Jiyva's grace]
 42552 | Depths:4 | Gained mutation: You have a small jelly attached to you
                  | that may absorb projectiles. [Jiyva's grace]
 42552 | Depths:4 | Gained mutation: You are partially covered in iridescent
                  | scales. (AC +2) [Jiyva's grace]
 42552 | Depths:4 | Gained mutation: You are mostly covered in iridescent
                  | scales. (AC +4) [Jiyva's grace]
 42552 | Depths:4 | Gained mutation: You are completely covered in iridescent
                  | scales. (AC +6) [Jiyva's grace]
 42663 | Depths:4 | Killed a caustic shrike
 42668 | Depths:4 | Killed a caustic shrike
 42672 | Depths:4 | Killed a caustic shrike
 42673 | Depths:4 | Killed a caustic shrike
 42680 | Depths:4 | Killed a caustic shrike
 42825 | Depths:4 | Found Xoontuf's Book Shoppe.
 42825 | Depths:4 | Found Veagu's Jewellery Boutique.
 42826 | Depths:4 | Found Kirr's Jewellery Boutique.
 43147 | Zot:1    | Entered Level 1 of the Realm of Zot
 43316 | Zot:1    | Noticed an orb of fire
 43333 | Zot:1    | Killed an orb of fire
 43334 | Zot:1    | Reached XP level 25. HP: 174/210 MP: 6/37
 43337 | Zot:1    | Noticed an orb of fire
 43342 | Zot:1    | Lost mutation: Your spells are a little harder to cast, but
                  | a little more powerful. [an orb of fire]
 43345 | Zot:1    | Gained mutation: You occasionally lose the ability to drink
                  | potions when taking damage. [an orb of fire]
 43353 | Zot:1    | Killed an orb of fire
 43468 | Zot:5    | Entered Level 5 of the Realm of Zot
 43470 | Zot:5    | Noticed an orb of fire
 43470 | Zot:5    | Noticed an orb of fire
 43475 | Zot:5    | Gained mutation: You are dopey. (Int -2) [an orb of fire]
 43477 | Zot:5    | Gained mutation: Your spells are a little easier to cast,
                  | but a little less powerful. [an orb of fire]
 43484 | Zot:4    | Gained mutation: Potions are less effective at restoring
                  | your health. [an orb of fire]
 43485 | Zot:4    | Lost mutation: You are dopey. (Int -2) [an orb of fire]
 43486 | Zot:4    | Killed an orb of fire
 43589 | Zot:5    | Gained mutation: Your health recovers twice as slowly from
                  | being drained. [an orb of fire]
 43591 | Zot:5    | Killed an orb of fire
 43849 | Zot:5    | Got a prismatic gem with 357 turns to spare
 43853 | Zot:5    | Reached skill level 15 in Translocations
 43987 | Zot:5    | Noticed an orb of fire
 43995 | Zot:5    | Killed an orb of fire
 44038 | Zot:5    | Noticed an orb of fire
 44045 | Zot:5    | Noticed an orb of fire
 44046 | Zot:5    | Noticed an orb of fire
 44056 | Zot:5    | Killed an orb of fire
 44059 | Zot:5    | Lost mutation: You are very agile. (Dex +8, Str/Int -2) [an
                  | orb of fire]
 44066 | Zot:5    | Killed an orb of fire
 44069 | Zot:5    | Killed an orb of fire
 44069 | Zot:5    | Noticed a Killer Klown
 44097 | Zot:5    | Killed a Killer Klown
 44119 | Zot:5    | Noticed an orb of fire
 44131 | Zot:5    | Gained mutation: Your body sometimes deteriorates upon
                  | taking damage. [an orb of fire]
 44139 | Zot:5    | Killed an orb of fire
 44201 | Zot:5    | Noticed a Killer Klown
 44209 | Zot:5    | Killed a Killer Klown
 44275 | Zot:5    | Got the Orb of Zot
 44291 | Zot:5    | Noticed an orb of fire
 44324 | Zot:5    | Reached skill level 15 in Evocations
 44422 | Zot:2    | Reached XP level 26. HP: 209/218 MP: 10/37
 44614 | Depths:1 | Noticed a seraph
 44784 | D:11     | You showed the slimy rune of Zot to enter a treasure trove
 44785 | Trove    | Entered a treasure trove
 44805 | Trove    | Identified the amulet "Sejiqoug" {Spirit Will+}
 44807 | Trove    | Identified the amulet "Piwiosic" {RegenMP *Slow Fly Int+2
                  | SInv}
 44821 | Trove    | Identified the amulet "Wyichuir" {Faith MP+9 Int+3}
 44822 | Trove    | Identified the amulet "Zovagaithry" {Acrobat *Corrode rPois
                  | rC++ Regen+}
 44828 | Trove    | Identified the amulet of Jiateoxa {Reflect ^Drain Will-
                  | rCorr Slay+5 SH+5}
 44830 | Trove    | Identified the amulet of Fumoj {*Slow Regen+ Str+2 Int+3
                  | Dex+3}
 45077 | D:$      | Escaped with the Orb!

Illustrated notes

Levels and vault maps discovered:
D:1:      lemuel_arrival_rhombus, layout_basic
D:2:      layout_rooms, basic_altar, uniq_robin, uniq_terence
D:3:      layout_rooms, nicolae_elyvilon_peaceful_grove, grunt_qazlal_sundering,
          nicolae_ru_the_path_less_chosen, gammafunk_ghost_arena
D:4:      layout_rooms, okawaru_altar_gauntlet_db, chequers_ossuary_entry_cave
D:5:      layout_rooms, serial_shops, nicolae_shop_peninsula,
          hangedman_abyss_or_decor_stagger, saegor_snake_ambush
D:6:      lemuel_castle_with_subvaults [lemuel_castle_interior_carwin_1],
          layout_loops_ring, nicolae_overflow_crystal_walls, uniq_blork_the_orc
D:7:      layout_loops_ring, mainiacjoe_overflow_tiny_flanked,
          minmay_temple_entry_statues_pillars, uniq_pikel
D:8:      layout_basic, erik_lair_island
D:9:      layout_rooms, hiddenorc2_lemuel, serial_library_hellmonk_room_b,
          minmay_shattered_shrine
D:10:     layout_basic, kennysheep_mini_moat, lemuel_crystal_altar,
          mainiacjoe_overflow_catwalk_spiral, gammafunk_ghost_smash, uniq_erica
D:11:     layout_big_octagon, serial_bayou, serial_bayou_shore_a,
          serial_bayou_ford_a, serial_bayou_pond_d, serial_bayou_lagoon_b,
          serial_bayou_crossing, nicolae_trove_entry_isolated,
          pdpol_wu_jian_five_deadly_venoms
D:12:     layout_rooms, nicolae_specific_store,
          nicolae_shop_i_like_small_books_too, minmay_lizard_king, uniq_jorgrun,
          uniq_sonja
D:13:     layout_rooms, gauntlet_entry_generic, uniq_josephine
D:14:     layout_loops_ring, hangedman_vaults_entry_quadrant_bands,
          corexii_hall_statues_x, nrook_uturn, chequers_serial_rivers_room_a
D:15:     grunt_enter_depths_snipers, layout_loops_ring, serial_shops, shop,
          kennysheep_crisscross
Lair:1:   layout_loops_ring, gammafunk_ghost_necromancy,
          infiniplex_staircase_pool
Lair:2:   layout_regular_city
Lair:3:   layout_small_grid, minmay_swamp_entry_reptiles, spider_nest_entry_a
Lair:4:   layout_cave_pods, grunt_megastairs_3, infiniplex_staircase_pool_2
Lair:5:   hangedman_lair_in_review, layout_gridlike, dpeg_slime_entry_enclosed
Swamp:1:  layout_basic_swamp, gammafunk_ghost_abyssal_escape,
          evilmike_swamp_ruin_house_5, swamp_pool_1_2, grunt_ruined_hall
Swamp:2:  layout_basic_swamp, portal_ice_cave_entry_pillars_three,
          evilmike_swamp_ruin_rubble_1, swamp_pool_4, st_swamp_ruins_4
Swamp:3:  layout_falls_marsh, serial_swamp_ruin, evilmike_swamp_ruin_house_2,
          evilmike_swamp_ruin_house_1
Swamp:4:  swamp_alternative, layout_basic_swamp, swamp_pool_3,
          roderic_carrion_pond, nicolae_swamp_drake_lake, uniq_aizul
Spider:1: layout_chambers, ebering_ghost_reflecting_pool
Spider:2: layout_spider_delve, hive_lemuel
Spider:3: layout_spider_delve, uniq_roxanne
Spider:4: floodkiller_spider_rune_tomb, uniq_arachne
Slime:1:  layout_caves, basic_altar
Slime:2:  layout_caves
Slime:3:  layout_caves, nicolae_slime_welcoming_committee
Slime:4:  layout_caves, dissolution_awaits
Slime:5:  slime_pit_nicolae_royal_road_to_ruin
Orc:1:    layout_diamond_mine, enter_volcano_4, uniq_snorg
Orc:2:    kennysheep_orc_mage_school, layout_caves, serial_shops,
          shop_fountains, kennysheep_orc_chapel
Elf:1:    layout_rooms, serial_shops, bzr_entry_customers,
          gammafunk_ghost_split, nicolae_elf_blasts_and_bolts,
          lemuel_flamethrower_2
Elf:2:    nicolae_elf_blades_crystal_corner, layout_geoelf_octagon, basic_altar
Elf:3:    minmay_elf_hall_hex, layout_gridlike, serial_shops,
          nicolae_shop_real_fake_doors
Vaults:1: portal_desolation_entry_twin_temple, ontoclasm_vaults_pinch,
          hangedman_vaults_corner_blocks, nicolae_vaults_sealed_display,
          nicolae_vaults_trapezoid_2, nicolae_vaults_tetromino_L_2,
          nicolae_vaults_layer_cake_slice, layout_vaults_omnigrid
Vaults:2: ploomutoo_gammafunk_ghost_potion_laboratory, v_misc_17,
          nicolae_vaults_taking_the_gang_shopping, grunt_vaults_funnel,
          minmay_crypt_entry_necro_gods, kennysheep_ogre_elephant_herders,
          nicolae_vaults_house_2, nicolae_vaults_storage_closets_2, v_pattern_4,
          nicolae_vaults_sesquioval_fish, nicolae_vaults_wrenched,
          nicolae_vaults_trapezoid_lopsided_1, layout_vaults_ring, serial_shops,
          nicolae_shop_stone
Vaults:3: nicolae_vaults_little_squares_4, nicolae_vaults_layer_cake_slice,
          nicolae_vaults_border_crossing, serial_library_hellmonk_open_square,
          ontoclasm_vaults_ligature, nicolae_vaults_little_squares_1,
          hangedman_vaults_stretched_pinwheel, vaults_dpeg_diagonal,
          nicolae_vaults_yaktaur_gun_rack, nicolae_vaults_little_squares_1,
          layout_vaults_big_room, serial_shops, shop, uniq_donald
Vaults:4: vaults_room_octagon, nicolae_vaults_oozy_zoo, v_misc_5,
          hangedman_vaults_capsules, nicolae_vaults_triangles,
          nicolae_vaults_mitosis, nicolae_vaults_mini_display_case, v_misc_24,
          grunt_vaults_swirl, ontoclasm_vaults_ring_large,
          nicolae_vaults_trapezoid_4, ontoclasm_vaults_twist,
          nicolae_vaults_house_3, nicolae_vaults_tetromino_Z_2,
          layout_vaults_omnibox
Vaults:5: uniq_sojobo, uniq_margery
Depths:1: layout_gridville, nicolae_hexahallways, hangedman_tar_grid_catacomb,
          evilmike_minifort, serial_bayou_shore_b
Depths:2: minmay_octagon_keep, layout_gridlike, hell_entry,
          grunt_decor_mini_mirrors, grunt_pan_entry_spiral,
          makhleb_altar_promises_db, minmay_staircase_statues, minmay_shop_star
Depths:3: minmay_shoctagon, layout_cave_pools, abyss_entry_small_statue_room,
          lightli_too_deep, chequers_serial_rivers_large_b, evilmike_ambush
          [evilmike_ambush_outer_basic, evilmike_ambush_inner_cross]
Depths:4: grunt_zot_entry_hairpin, layout_gridlike, enter_ziggurat_e, pan_entry,
          nicolae_twisting_strands, hell_entry, serial_shops,
          nicolae_inconvenience_store, fedhas_altar_1, minmay_shop_grove
Zot:1:    layout_cellular_growth, grunt_ministairs_12
Zot:2:    layout_twisted_circle, uniq_grunn
Zot:3:    layout_gridlike, bh_zot_lava_cross, grunt_ministairs_6
Zot:4:    layout_misc_corridors, grunt_ministairs_11,
          regret_index_zotdec_banners
Zot:5:    layout_cathedral_of_symmetry, lemuel_lake_of_fire

Skill      XL: |  1  2  3  4  5  6  7  8  9 10 11 12 13 14 15 16 17 18 19 20 21 22 23 24 25 26 |
---------------+-------------------------------------------------------------------------------+-----
Dodging        | 1 2 3 4 5 6 7 8 9 11 12 13 14 15 16 17 18 20 | 20.0
Armour         | 2 |  2.0
Long Blades    | 4 5 6 8 10 11 13 14 15 | 15.9
Fighting       | 4 5 6 7 8 9 11 12 13 14 15 16 17 19 20 | 20.0
Evocations     | 5 6 8 10 15 17 | 17.0
Spellcasting   | 2 5 7 8 9 10 | 10.0
Translocations | 3 6 8 10 11 12 13 15 | 15.0
Invocations    | 2 4 6 7 8 10 12 16 19 20 | 20.1
Short Blades   | 1 |  1.6
Necromancy     | 3 7 |  7.0

Action                     |  1- 3 |  4- 6 |  7- 9 | 10-12 | 13-15 | 16-18 | 19-21 | 22-24 | 25-27 || total
---------------------------+-------+-------+-------+-------+-------+-------+-------+-------+-------++-------
  Melee: Falchion          |   109 |   355 |   399 |   795 |   991 |   977 |       |       |       ||  3626
         Dagger            |    86 |    54 |       |       |       |       |       |       |       ||   140
         Headbutt          |       |       |       |    50 |   260 |   121 |    65 |   159 |    41 ||   696
         Scimitar          |       |       |       |   129 |  1041 |  1320 |  1380 |   183 |       ||  4053
         Rapier            |       |       |       |       |       |   106 |       |       |       ||   106
         Bite              |       |       |       |       |       |    15 |    53 |    60 |       ||   128
         Double sword      |       |       |       |       |       |   174 |  1412 |  1453 |   959 ||  3998
         Eudemon blade     |       |       |       |       |       |       |    20 |       |       ||    20
         Demon blade       |       |       |       |       |       |       |       |   843 |       ||   843
  Throw: Dart              |       |     2 |       |    23 |    15 |     4 |     1 |       |       ||    45
         Throwing net      |       |     1 |       |     2 |     3 |     2 |       |     2 |       ||    10
   Cast: Manifold Assault  |       |       |       |       |    98 |   473 |   540 |   468 |   265 ||  1844
         Apportation       |       |       |       |       |       |    16 |       |       |       ||    16
 Invoke: Slimify           |       |       |       |       |       |     1 |       |       |     8 ||     9
         Oozemancy         |       |       |       |       |       |     4 |     3 |       |       ||     7
  Evoke: Wand              |       |       |     7 |    34 |    15 |     3 |       |       |     1 ||    60
         Box of beasts     |       |       |       |       |       |     1 |       |       |       ||     1
    Use: Scroll            |     2 |     8 |     3 |    18 |    11 |    13 |     1 |    21 |     6 ||    83
         Potion            |       |     2 |     1 |     1 |     3 |     3 |       |    16 |     8 ||    34
   Stab: Confused          |     1 |     1 |       |     9 |       |       |    18 |       |       ||    29
         Paralysed         |       |     3 |       |     4 |     2 |       |       |       |       ||     9
         Distracted        |       |     1 |       |       |       |       |     1 |     4 |       ||     6
         Sleeping          |       |       |     1 |     2 |     2 |     1 |     3 |     4 |     1 ||    14
         Held in net/web   |       |       |     2 |       |     3 |       |       |       |       ||     5
 Armour: Leather armour    |    75 |   127 |   129 |   122 |       |       |   195 |       |       ||   648
         Troll leather arm |       |       |       |   153 |   539 |   562 |   142 |   294 |   103 ||  1793
  Dodge: Dodged            |    63 |   109 |   125 |   352 |   689 |   777 |   553 |   713 |   111 ||  3492
         Repelled          |       |       |       |       |     7 |    56 |    27 |    97 |    38 ||   225

Table legend: (Time is in decaauts)
 A = Elapsed time spent in this place.
 B = Non-inter-level travel time spent in this place.
 C = Inter-level travel time spent in this place.
 D = Time resting spent in this place.
 E = Time spent auto-exploring this place.
 F = Levels seen in this place.
 G = Mean time per level.
                   A        B        C        D        E       F      G
               +--------+--------+--------+--------+--------+-----+--------+
         Total |  44134 |  40033 |   4101 |   2351 |  26164 |  64 |  689.6 |
       Dungeon |  13141 |  11659 |   1482 |    254 |   8033 |  15 |  876.1 |
          Lair |   6556 |   5782 |    774 |   1112 |   3805 |   5 | 1311.2 |
         Swamp |   3433 |   3116 |    317 |    200 |   2089 |   4 |  858.2 |
   Spider Nest |   3164 |   2910 |    254 |     21 |   2018 |   4 |  791.0 |
    Slime Pits |    469 |    385 |     84 |      0 |    291 |   5 |   93.8 |
  Orcish Mines |   1465 |   1205 |    260 |      0 |    954 |   2 |  732.5 |
   Elven Halls |   2655 |   2397 |    258 |     37 |   1549 |   3 |  885.0 |
        Vaults |   5614 |   5336 |    278 |     97 |   3535 |   5 | 1122.8 |
        Depths |   4141 |   3812 |    329 |    144 |   2789 |   4 | 1035.2 |
           Zot |   1180 |   1118 |     62 |    342 |    208 |   5 |  236.0 |
      Ziggurat |    335 |    335 |      0 |     97 |      0 |   6 |   55.8 |
        Bazaar |    179 |    179 |      0 |      0 |     65 |   1 |  179.0 |
         Trove |     52 |     52 |      0 |      0 |      0 |   1 |   52.0 |
       Ossuary |    514 |    514 |      0 |      0 |    299 |   1 |  514.0 |
      Ice Cave |    119 |    119 |      0 |     18 |     13 |   1 |  119.0 |
    Desolation |    798 |    798 |      0 |      0 |    377 |   1 |  798.0 |
      Gauntlet |    312 |    312 |      0 |     26 |    139 |   1 |  312.0 |
               +--------+--------+--------+--------+--------+-----+--------+

Top non-repeatable levels by time:
  Lair:4: 2153 daAuts
     D:9: 1492 daAuts
Vaults:5: 1443 daAuts
     D:6: 1371 daAuts
Depths:4: 1342 daAuts
  Lair:5: 1221 daAuts
    D:14: 1161 daAuts
  Lair:3: 1129 daAuts
  Lair:1: 1118 daAuts
Vaults:1: 1116 daAuts
Vaults:2: 1085 daAuts
   Elf:3: 1082 daAuts
Vaults:4: 1078 daAuts
    D:15: 1061 daAuts
Depths:1: 1028 daAuts
